Cogmind - Beta 15 @@@ ROGUE MODE // 2025.06.15 @ 03:23:49 Player: 0Z-4NL Result: Defending 0bPrime! Performance ------------- Evolutions (8) 4000 Regions Visited (28) 5600 Robots Destroyed (221) 1105 Value Destroyed (8063) 8063 Prototype IDs (130) 2600 Alien Tech Used (5) 1000 Bonus (19555) 19555 TOTAL SCORE: 41923 Bonus ------- High Alert Combat Kills 333 Registered with UFD 300 Met Optimus in HQ 500 Met Data Miner 300 Met Zhirov 300 Met Warlord at Base 500 MAIN.C Attacked Warlord 500 Warlord Defense Kills 94 Met Optimus at Protoforge 1000 Completed Drillbomb Mission10000 Optimus Survived to 0b1 3000 Win 3000 Friendly Fire -272 Cogmind --------- Core Integrity 1120/1450 Matter 300/300 Energy 820/820 System Corruption 11% Temperature Cool (0) Movement Flying (28) Location 0bPrime Parts ------- > --- POWER (2) -------- Light Antimatter Reactor Micro Antimatter Reactor > --- PROPULSION (8) --- Cooled Nuclear Pulse Thruster Diametric Drive Impulse Thruster Array Impulse Thruster Array Impulse Thruster Array > --- UTILITY (11) ----- 0bPrime Scrap Suit Experimental Energy Well Experimental Optical Array Advanced Sensor Array Experimental Signal Interpreter ECM Suite Centrium Medium Armor Plating Centrium Medium Armor Plating Graphene Brace > --- WEAPON (2) ------- Cooled Nova Cannon Plasma Lance > --- INVENTORY (5) ---- Backup Power VII Enhanced Biometal Leg Advanced Transmission Jammer Experimental Shield Generator Peak State ------------ > --- POWER ------------ Micro Antimatter Reactor Matter Drive > --- PROPULSION ------- Cooled Nuclear Pulse Thruster Cooled Nuclear Pulse Thruster Diametric Drive Cooled Impulse Thruster Impulse Thruster Array Impulse Thruster Array > --- UTILITY ---------- Large Storage Unit Experimental Optical Array Advanced Sensor Array Experimental Signal Interpreter Advanced Transmission Jammer Improved Medium Armor Plating Makeshift Hacking Suite Makeshift Hacking Suite Improved Hacking Suite Improved System Shield A0-MCA's Component Scanner > --- WEAPON ----------- Sigix Broadsword > --- INVENTORY -------- Backup Power VII Backup Power VII Diametric Drive Experimental Energy Well IFF Parser Stasis Canceller ECM Suite Cloaking Device Graphene Brace Experimental Shield Generator Phase Redirector Transdimensional Reconstructor Subatomic Replicator Cooled Nova Cannon Hellfire Missile Launcher [Rating: 185] Favorites ----------- Power Reinforced Deuterium Engine Engine Reinforced Deuterium Engine Power Core Micro Fission Core Reactor Micro Antimatter Reactor Propulsion Armored Wheel Treads Improved Medium Treads Leg Aluminum Leg Wheel Armored Wheel Flight Unit Cooled Nuclear Pulse Thruster Utility Enhanced Optical Array Device IFF Parser Storage Huge Storage Unit Processor Enhanced Optical Array Hackware Improved Hacking Suite Protection Enhanced Scrap Shield Weapon Phase Cannon Energy Gun High-powered Shock Rifle Energy Cannon Phase Cannon Ballistic Gun Heavy Machine Gun Ballistic Cannon Battle Cannon Launcher Long-range Missile Launcher Special Weapon Remote Datajack Impact Weapon Shock Maul Slashing Weapon Axe Piercing Weapon Lance Special Melee Weapon Datajack Build | -11 -10 -10 -8 -8 -6 -6 -6 -6 -5 -5 -5 -5 -5 -5 -5 -4 -4 -4 -4 -4 -4 -4 -3 -3 -3 -2 -2 -2 ------- Run | Yrd Mat Sub Rec Scr Fac Low Low Dat Pro Fac Was Fac Upp Upp Zhi Pro Fac Was Fac Upp Upp War Pro Res Tes Res Qua Frg Slots Evolved 16 | . . . . . 8 . . . . 2 . . . . . . 2 . . . . . . 2 . 2 . . Power 1 | . . . . . 1 . . . . . . . . . . . . . . . . . . . . . . . Propulsion 6 | . . . . . 3 . . . . 1 . . . . . . 1 . . . . . . 1 . . . . Utility 9 | . . . . . 4 . . . . 1 . . . . . . 1 . . . . . . 1 . 2 . . Weapon . | . . . . . . . . . . . . . . . . . . . . . . . . . . . . . Parts Attached 224 | 1 12 18 6 11 41 6 6 . 1 19 5 24 2 . 5 1 10 . 3 2 1 6 . 4 6 9 8 17 Power 24 | . . 4 . 3 5 . . . . 3 1 2 . . 1 . . . . . . . . . . . 3 2 Engine 8 | . . 4 . . 2 . . . . 2 . . . . . . . . . . . . . . . . . . Core 11 | . . . . 3 3 . . . . 1 1 2 . . . . . . . . . . . . . . . 1 Reactor 5 | . . . . . . . . . . . . . . . 1 . . . . . . . . . . . 3 1 Propulsion 47 | . 3 4 2 4 7 . . . 1 7 2 4 . . . . 3 . . . . 1 . 2 1 . 1 5 Treads 11 | . 2 1 1 2 2 . . . . 3 . . . . . . . . . . . . . . . . . . Leg 6 | . 1 . . . . . . . . 2 . . . . . . 1 . . . . . . . . . 1 1 Wheel 12 | . . 3 1 2 4 . . . . 2 . . . . . . . . . . . . . . . . . . Hover . | . . . . . . . . . . . . . . . . . . . . . . . . . . . . . Flight 18 | . . . . . 1 . . . 1 . 2 4 . . . . 2 . . . . 1 . 2 1 . . 4 Utility 109 | 1 4 2 2 1 19 3 4 . . 8 2 16 2 . 3 1 7 . 3 2 1 4 . 2 4 8 3 7 Device 47 | 1 1 . . . 8 2 3 . . 5 1 10 1 . . . 2 . 2 1 . 3 . . 1 1 1 4 Storage 15 | . 3 . 1 . 1 . . . . 1 . 2 . . 2 . 1 . . . . . . . . 3 . 1 Processor 14 | . . . . 1 5 . 1 . . . . 1 1 . . . 1 . . . 1 . . 1 . 2 . . Hackware 16 | . . . . . . . . . . 2 1 2 . . . 1 2 . 1 . . 1 . 1 2 1 2 . Protection 17 | . . 2 1 . 5 1 . . . . . 1 . . 1 . 1 . . 1 . . . . 1 1 . 2 Artifact . | . . . . . . . . . . . . . . . . . . . . . . . . . . . . . Weapon 44 | . 5 8 2 3 10 3 2 . . 1 . 2 . . 1 . . . . . . 1 . . 1 1 1 3 Energy Gun 5 | . . 2 . . 2 . . . . . . . . . . . . . . . . 1 . . . . . . Energy Cannon 10 | . . 1 1 1 4 . . . . 1 . 1 . . . . . . . . . . . . 1 . . . Ballistic Gun 11 | . 4 4 . . 1 . 1 . . . . . . . . . . . . . . . . . . . . 1 Ballistic Cannon 4 | . . 1 . . . 2 1 . . . . . . . . . . . . . . . . . . . . . Launcher 4 | . 1 . . . 1 1 . . . . . . . . . . . . . . . . . . . 1 . . Special Weapon 2 | . . . . . 1 . . . . . . . . . 1 . . . . . . . . . . . . . Impact Weapon 2 | . . . 1 . 1 . . . . . . . . . . . . . . . . . . . . . . . Slashing Weapon 2 | . . . . 1 . . . . . . . . . . . . . . . . . . . . . . 1 . Piercing Weapon 3 | . . . . . . . . . . . . 1 . . . . . . . . . . . . . . . 2 Special Melee Weapon 1 | . . . . 1 . . . . . . . . . . . . . . . . . . . . . . . . Unidentified Prototypes 23 | . . . . . 5 1 . . 1 2 . . 1 . 5 . . . . . . 4 . . . . 2 2 Corrupted Parts 1 | . . . . 1 . . . . . . . . . . . . . . . . . . . . . . . . System Corruption 4 | . . . . 4 . . . . . . . . . . . . . . . . . . . . . . . . Parts Lost 37 | . . 6 1 . 5 . . . . 11 1 1 . . . 4 . . . . . . . 1 . . . 7 Power 6 | . . 1 . . 1 . . . . 2 1 . . . . . . . . . . . . . . . . 1 Propulsion 13 | . . 2 . . 2 . . . . 4 . 1 . . . 1 . . . . . . . . . . . 3 Utility 12 | . . 1 1 . 1 . . . . 3 . . . . . 3 . . . . . . . 1 . . . 2 Weapon 6 | . . 2 . . 1 . . . . 2 . . . . . . . . . . . . . . . . . 1 Highest Loss Streak 9 | . . 4 1 . 3 . . . . 9 1 1 . . . 4 . . . . . . . 1 . . . 3 To Critical Strikes . | . . . . . . . . . . . . . . . . . . . . . . . . . . . . . Average Backups 17 | 6 10 7 15 23 24 25 24 24 24 24 10 8 9 10 10 9 9 10 9 10 10 10 10 9 9 10 14 8 Power 1 | 1 1 . 1 1 2 2 2 2 2 1 . 1 2 2 1 1 1 1 1 1 1 1 1 1 1 1 1 1 Propulsion 2 | 4 3 . 3 5 3 2 2 2 2 2 1 1 1 1 1 . 1 2 1 2 2 1 1 . 1 1 1 1 Utility 6 | . 1 1 4 7 8 10 9 9 9 8 5 3 4 4 4 4 4 4 4 5 5 5 6 5 4 6 7 3 Weapon 6 | 1 4 5 6 8 9 9 10 10 10 8 3 . 1 2 2 2 1 1 1 1 1 1 1 1 1 1 2 1 Tool/Special . | . . . . . . . . . . . . . . . . . . . . . . . . . . . . . Unused Backups 56 | . 6 2 . 6 17 2 . . . 3 4 4 . . 1 . 1 . 1 . . . . 1 2 1 2 3 Power 3 | . . . . . 1 . . . . 1 . . . . 1 . . . . . . . . . . . . . Propulsion 8 | . 2 . . 2 3 . . . . . . . . . . . . . . . . . . . 1 . . . Utility 20 | . 3 1 . 1 4 1 . . . . 2 3 . . . . 1 . 1 . . . . . . . 1 2 Weapon 19 | . 1 1 . 3 9 1 . . . . 2 . . . . . . . . . . . . . 1 1 . . Tool/Special 6 | . . . . . . . . . . 2 . 1 . . . . . . . . . . . 1 . . 1 1 Average Slot Usage (%) 91 | . 100 87 97 100 88 93 93 81 93 91 68 91 88 88 88 91 88 89 88 89 89 88 89 91 90 90 86 80 Engine 6 | . 14 13 14 5 3 13 13 13 13 5 . . . . . . . . . . . . . . . . . . Core 5 | . . . . 8 9 . . . . 4 8 9 11 11 11 11 10 10 9 10 10 10 10 9 9 8 4 2 Treads 8 | . 14 11 2 . 9 20 20 20 20 17 3 . . . . . . . . . . . . . . . . . Wheel 10 | . . 15 25 27 13 13 13 13 13 14 . . . . . . . . . . . . . . . . . . Flight 8 | . . . . . . . . . . . 20 29 29 29 29 28 26 26 25 26 26 26 26 29 28 26 26 23 Device 10 | . 14 4 . 12 11 13 13 13 13 11 10 11 8 11 11 10 9 5 5 5 4 2 4 3 7 8 8 16 Storage 7 | . 14 5 14 14 7 6 6 6 6 5 1 3 5 5 5 5 5 5 5 5 5 5 5 4 4 4 4 5 Processor 5 | . . . . 1 11 6 6 6 6 5 5 5 5 5 5 5 5 5 5 5 5 5 5 6 9 12 13 9 Hackware 4 | . . . . . . . . . . 3 9 16 13 11 11 7 10 15 19 21 21 21 21 20 14 16 17 5 Protection 5 | . . 8 11 . 6 6 6 6 6 4 2 . 5 5 3 6 10 10 5 4 5 7 5 4 4 4 3 5 Energy Cannon 5 | . . 6 10 14 9 11 7 . 1 4 . . . . . . 1 5 2 5 5 4 5 4 3 3 . 1 Ballistic Gun 3 | . 28 13 . . . . . . 8 2 . . . . . . . . . . . . . . . . . . Ballistic Cannon 2 | . . 6 14 5 . 1 4 1 . 2 . . . . . . . . . . . . . . . . . . Impact Weapon 1 | . . . 3 . . . . . . . 3 5 5 1 . . 1 5 1 . . 3 5 4 4 4 . . Peak Build Rating 185 | 7 11 15 16 31 73 75 76 75 78 92 85 106 104 99 104 104 115 113 113 111 112 119 116 137 149 161 185 184 Average Rating 73 | 6 8 12 14 19 64 73 75 65 73 86 74 96 98 99 98 99 110 113 109 110 110 114 115 129 141 157 173 171 On Entrance 85 | 6 7 11 13 14 26 71 74 75 74 74 47 67 99 99 99 104 95 113 113 113 111 111 115 116 135 147 157 180 Naked Turns . | . . . . . . . . . . . . . . . . . . . . . . . . . . . . . Heaviest Build 146 | 12 30 36 103 99 145 144 146 146 143 145 22 42 34 34 40 42 43 43 44 39 39 39 40 43 49 56 57 67 Greatest Support 81 | 20 40 40 40 42 56 24 24 24 24 81 31 52 40 40 40 49 50 49 58 49 49 50 59 56 64 67 67 67 Greatest Overweight (x) 6 | . . 2 6 4 5 5 6 6 5 6 . 3 . . . 1 1 . 5 . . . . 3 . . . 2 Average Overweight (x) 1 | . . . 2 2 2 5 5 5 5 3 . . . . . . . . . . . . . . . . . . Largest Inventory Capacity 25 | 8 15 15 25 25 25 25 25 25 25 25 25 10 10 10 10 10 10 10 10 10 10 10 10 10 10 15 15 15 Average Capacity 18 | 8 12 8 22 25 25 25 25 25 25 25 10 8 10 10 10 10 10 10 10 10 10 10 10 10 10 11 15 13 Most Carried 25 | 7 15 15 21 25 25 25 25 25 24 25 23 10 10 10 10 10 10 10 10 10 10 10 10 10 10 14 15 15 Average Carried 17 | 6 10 8 17 24 24 24 24 24 23 24 8 8 9 10 9 9 9 10 9 10 10 9 10 9 9 10 14 10 Final Capacity 25 | 8 15 15 25 25 25 25 25 25 25 25 5 10 10 10 10 10 10 10 10 10 10 10 10 10 10 15 15 5 Final Carried 25 | 6 15 13 20 25 25 25 24 24 24 25 5 10 10 10 10 6 10 10 10 10 10 10 10 10 10 13 15 4 Class Distribution -------------------- 53% | Mutant 21% | Hacker-Sprinter 8% | Scavenger-Mutant 3% | Hacker-Ninja 3% | Subdweller-Mutant Dominant Class ---------------- Mutant | -10/Materials Subdweller-Mutant | -10/Subcaves Scavenger-Mutant | -8/Recycling Mutant | -8/Scraptown Mutant | -6/Factory Mutant | -6/Lower Caves Mutant | -6/Lower Caves Mutant | -6/Data Miner Mutant | -5/Proximity Caves Mutant | -5/Factory Mutant | -5/Waste Hacker-Sprinter | -5/Factory Hacker-Sprinter | -5/Upper Caves Hacker-Sprinter | -5/Upper Caves Hacker-Sprinter | -5/Zhirov Hacker-Sprinter | -4/Proximity Caves Hacker-Sprinter | -4/Factory Hacker-Sprinter | -4/Waste Hacker-Sprinter | -4/Factory Hacker-Sprinter | -4/Upper Caves Hacker-Sprinter | -4/Upper Caves Hacker-Sprinter | -4/Warlord Hacker-Sprinter | -3/Proximity Caves Hacker-Sprinter | -3/Research Hacker-Sprinter | -3/Testing Hacker-Ninja | -2/Research Hacker-Ninja | -2/Quarantine Scavenger-Ninja | -2/Protoforge Resources | -11 -10 -10 -8 -8 -6 -6 -6 -6 -5 -5 -5 -5 -5 -5 -5 -4 -4 -4 -4 -4 -4 -4 -3 -3 -3 -2 -2 -2 ----------- Run | Yrd Mat Sub Rec Scr Fac Low Low Dat Pro Fac Was Fac Upp Upp Zhi Pro Fac Was Fac Upp Upp War Pro Res Tes Res Qua Frg Matter Collected 9270 | 250 534 575 141 230 1405 419 346 . 398 1370 193 509 184 18 80 . 360 30 155 90 30 135 25 40 192 190 253 1118 Remotely 377 | . . . . . . . . . . 377 . . . . . . . . . . . . . . . . . . Salvage Created 9698 | 144 623 702 715 . 2342 305 92 . 203 1533 . 654 . 35 114 . 543 . 145 . . 69 . 120 370 390 295 304 Parts 420 | 18 45 51 21 . 110 11 1 . 15 64 . 14 . 2 . . 20 . 3 . . . . 2 2 7 19 15 Haulers Intercepted 11 | . 2 . . . 2 . . . . . . 2 . . . . . . . . . . . . 2 2 1 . Recyclers Shooed 10 | . . . 3 . 3 . . . . 4 . . . . . . . . . . . . . . . . . . Parts Field Recycled . | . . . . . . . . . . . . . . . . . . . . . . . . . . . . . Retrieved Matter . | . . . . . . . . . . . . . . . . . . . . . . . . . . . . . Parts Self-Destructed 52 | . . 22 . . . 10 1 . 14 . . . . 5 . . . . . . . . . . . . . . Prevented 3 | . . . . . . . . . . . . . . 3 . . . . . . . . . . . . . . Kills | -11 -10 -10 -8 -8 -6 -6 -6 -6 -5 -5 -5 -5 -5 -5 -5 -4 -4 -4 -4 -4 -4 -4 -3 -3 -3 -2 -2 -2 ------- Run | Yrd Mat Sub Rec Scr Fac Low Low Dat Pro Fac Was Fac Upp Upp Zhi Pro Fac Was Fac Upp Upp War Pro Res Tes Res Qua Frg Combat Hostiles Destroyed 137 | . 17 18 5 . 29 8 3 . 15 29 . . . . . . 1 . . . . 1 . . 3 . 1 7 Melee 3 | . . . . . . . . . . . . . . . . . 1 . . . . . . . . . 1 1 Guns 30 | . 10 9 . . 5 . 1 . 1 2 . . . . . . . . . . . . . . 2 . . . Cannons 48 | . . 9 3 . 20 3 2 . 2 9 . . . . . . . . . . . . . . . . . . AOE 49 | . 7 . . . . 5 . . 12 18 . . . . . . . . . . . . . . 1 . . 6 Classes Destroyed 24 | 2 7 1 2 . 2 2 . . 1 3 . . . 1 . . . . . . . 1 . . . . . 2 Worker 8 | . 2 . . . . . . . . 3 . 3 . . . . . . . . . . . . . . . . Builder 4 | . 2 . . . 1 . . . . 1 . . . . . . . . . . . . . . . . . . Tunneler 5 | 4 . . . . . . . . . 1 . . . . . . . . . . . . . . . . . . Hauler 11 | . 2 . . . 2 . . . . . . 2 . . . . . . . . . . . . 2 2 1 . Recycler 23 | 1 . . 5 . 4 . . . . 5 . 2 . . . . 3 . 1 . . . . 1 . . 1 . Minesweeper 1 | . . . . . . . . . . . . . . 1 . . . . . . . . . . . . . . Mechanic 2 | . . . . . . . . . . 1 . . . . . . . . . . . . . . . . . 1 Operator 8 | . . . . . 3 . . . . 1 . 2 . . . . . . . . . . . . 1 . 1 . Drone 2 | . . . . . . . . . 2 . . . . . . . . . . . . . . . . . . . Turret 1 | . . 1 . . . . . . . . . . . . . . . . . . . . . . . . . . Watcher 20 | . 1 . . . 3 . . . . 2 . 4 . . . . 1 . . . . . . . 1 5 . 3 Swarmer 46 | . 6 7 . . 5 3 . . 9 13 . . . . . . . . . . . . . . . . . 3 Grunt 40 | . 10 2 1 . 11 3 3 . 3 7 . . . . . . . . . . . . . . . . . . Brawler 1 | . . . . . . . . . . 1 . . . . . . . . . . . . . . . . . . Duelist 2 | . . . . . . . . . 1 1 . . . . . . . . . . . . . . . . . . Protector 1 | . . . . . . . . . . . . . . . . . . . . . . 1 . . . . . . Sentry 6 | . . . 3 . 2 . . . . 1 . . . . . . . . . . . . . . . . . . Hunter 2 | . . . . . . . . . . 2 . . . . . . . . . . . . . . . . . . Programmer 22 | . . . 1 . 10 1 . . . 4 . . . . . . 1 . . . . . . . 3 . 1 1 Behemoth 1 | . . . . . 1 . . . . . . . . . . . . . . . . . . . . . . . Decapitator 1 | . . . . . . . . . . . . . . . . . . . . . . . . . . . . 1 Executioner 2 | . . . . . . . . . . . . . . . . . . . . . . . . . . . . 2 Subdweller 10 | . 1 9 . . . . . . . . . . . . . . . . . . . . . . . . . . Butcher 1 | . . . . . . 1 . . . . . . . . . . . . . . . . . . . . . . Mutant 1 | . . . . . . 1 . . . . . . . . . . . . . . . . . . . . . . Best Kill Streak 9 | 3 5 5 4 . 5 6 2 . 5 9 . 3 . 1 . . 3 . 1 . . 1 . 1 3 2 2 4 Combat Bots Only 9 | . 5 4 2 . 4 6 2 . 5 9 . . . . . . 1 . . . . 1 . . 3 . 1 3 Max Kills in Single Turn 5 | 1 3 2 1 . 1 4 1 . 3 5 . 1 . 1 . . 1 . 1 . . 1 . 1 1 1 1 2 Gunslinging 1 | . . 1 . . . . . . . . . . . . . . . . . . . . . . . . . . Exploded 4 | . 3 . . . . 4 . . 3 4 . . . . . . . . . . . . . . 1 . . 2 Melee 1 | . . . . . . . . . . . . . . . . . 1 . . . . . . . . . 1 1 Uniques/NPCs Destroyed . | . . . . . . . . . . . . . . . . . . . . . . . . . . . . . Combat | -11 -10 -10 -8 -8 -6 -6 -6 -6 -5 -5 -5 -5 -5 -5 -5 -4 -4 -4 -4 -4 -4 -4 -3 -3 -3 -2 -2 -2 -------- Run | Yrd Mat Sub Rec Scr Fac Low Low Dat Pro Fac Was Fac Upp Upp Zhi Pro Fac Was Fac Upp Upp War Pro Res Tes Res Qua Frg Hostile Shots Fired 1000 | . 45 113 14 . 229 7 27 . 12 283 2 16 2 . . 9 8 . 16 . 6 4 16 4 25 29 4 129 Missed 357 | . 15 33 1 . 71 3 8 . 3 91 . 9 1 . . 5 5 . 10 . 4 1 11 1 9 20 2 54 Hits 643 | . 30 80 13 . 158 4 19 . 9 192 2 7 1 . . 4 3 . 6 . 2 3 5 3 16 9 2 75 Melee 7 | . . . . . . . . . . 2 2 . . . . . . . . . . . . . . 3 . . Projectile 636 | . 30 80 13 . 158 4 19 . 9 190 . 7 1 . . 4 3 . 6 . 2 3 5 3 16 6 2 75 AOE 14 | . . 2 . . 2 . . . . . . 3 . . . . . . . . . 1 . . . 2 . 4 Critical Strikes 45 | . 1 4 3 . 8 . 1 . . 15 1 . . . . . . . 1 . . . . 2 5 1 . 3 Actively Blocked 4 | . . . . . . . . . . . . . . . . . . . . . . . . . . 1 . 3 Part Disruptions 3 | . . . . . . 1 . . . 1 . . . . . . . . . . . . . . . . . 1 Damage Taken 12133 | . 349 1469 201 . 2540 132 266 . 160 3321 87 238 22 . . 366 66 . 162 . . 65 75 98 275 327 25 1889 Core 1529 | . 65 128 30 . 235 23 13 . 13 369 51 110 22 . . 26 . . . . . 3 . 25 86 53 . 277 Absorbed by Shields 1536 | . . . . . 424 28 96 . 59 418 . . . . . 19 . . . . . . . . 100 . . 392 Redirected to Shielding 31 | . . . . . . . . . . . . . . . . 11 18 . . . . 2 . . . . . . Regen/Repaired (Parts) 1145 | . . . . 580 167 . . . . . . 159 . . . . 8 . 87 . . 2 . . 24 . 22 96 Core Remaining (%) 69 | 100 . . . 10 . . . . 66 . . . . . . 42 . . . . . . 99 . 91 . . 77 Volleys Fired 858 | 10 53 76 21 . 130 56 84 . 38 109 . 13 7 . 4 9 31 . 25 2 7 14 1 17 74 18 10 49 Largest 2 | 2 2 2 2 . 2 2 2 . 2 2 . 1 1 . 1 1 1 . 1 1 1 1 1 1 1 1 1 1 Hottest 175 | 40 46 113 113 . 175 165 132 . 99 132 . 90 90 . 5 90 90 . 90 90 90 90 90 90 150 50 50 150 Shots Fired 1145 | 20 101 135 27 . 219 72 98 . 46 145 . 13 7 . 4 9 31 . 25 2 7 14 1 17 75 18 10 49 Gun 284 | 20 96 86 . . 24 . 12 . 16 15 . . . . . . . . . . . . . . 15 . . . Cannon 796 | . . 46 27 . 193 69 86 . 17 113 . 13 7 . . 9 27 . 22 2 7 14 1 17 60 18 10 38 Launcher 52 | . 5 3 . . . 3 . . 13 17 . . . . . . . . . . . . . . . . . 11 Special 13 | . . . . . 2 . . . . . . . . . 4 . 4 . 3 . . . . . . . . . Kinetic 331 | 20 96 95 7 . 3 17 26 . 21 43 . 3 . . . . . . . . . . . . . . . . Thermal 687 | . . 37 20 . 183 52 72 . 8 73 . 10 7 . . 9 27 . 22 2 7 14 1 17 60 18 10 38 Explosive 52 | . 5 3 . . . 3 . . 13 17 . . . . . . . . . . . . . . . . . 11 Electromagnetic 47 | . . . . . 31 . . . 4 12 . . . . . . . . . . . . . . . . . . Entropic 15 | . . . . . . . . . . . . . . . . . . . . . . . . . 15 . . . Robot Hit Streak 23 | 9 13 23 21 . 17 19 10 . 5 11 . . . . 2 . 2 . 1 . 2 6 . . 8 7 . 1 Robot Miss Streak 6 | 3 5 2 3 . 2 2 2 . 4 5 . . . . 1 . 2 . 2 . 2 3 . . 6 . . 3 Penetration Max . | . . . . . . . . . . . . . . . . . . . . . . . . . . . . . Secondary Targets 2 | . . 2 . . . . . . . . . . . . . . . . . . . . . . . . . . Max Gunslinging Chain 1 | . . 1 . . . . . . . . . . . . . . . . . . . . . . . . . . Shots Hit Robots 577 | 13 61 100 25 5 146 18 22 . 14 70 . 17 . 1 10 . 7 . 2 4 2 10 . 1 23 12 7 7 Core Hits 330 | 8 38 42 9 . 58 15 7 . 23 83 . 3 . 1 . . 3 . . 1 1 2 . 1 9 3 2 21 Critical Kills 5 | 1 1 1 . . 1 . . . . . . . . . . . . . . . . . . . . 1 . . Critical Parts Destroyed 16 | . . . 3 . 3 . . . 1 1 . 2 . . . . 1 . . . . . . . 3 2 . . Critical Strikes 28 | 1 1 2 3 . 4 1 2 . 1 2 . 2 . . 1 . 1 . . . . . . . 3 3 . 1 Meltdown 1 | . . . . . 1 . . . . . . . . . . . . . . . . . . . . . . . Destroy 4 | 1 1 1 . . . . . . 1 . . . . . . . . . . . . . . . . . . . Blast 5 | . . 1 . . . 1 2 . . 1 . . . . . . . . . . . . . . . . . . Smash 15 | . . . 3 . 3 . . . . 1 . 2 . . . . 1 . . . . . . . 2 3 . . Sever 1 | . . . . . . . . . . . . . . . . . . . . . . . . . . . . 1 Impale 1 | . . . . . . . . . . . . . . . 1 . . . . . . . . . . . . . Detonate 1 | . . . . . . . . . . . . . . . . . . . . . . . . . 1 . . . Melee Attacks 346 | . . . 10 5 36 . . . . 1 . 94 3 3 7 4 39 . 18 6 2 2 . 10 12 21 22 51 Impact 113 | . . . 10 . 17 . . . . 1 . 26 3 . . . 7 . 3 . . 2 . 10 12 21 1 . Slashing 78 | . . . . . 19 . . . . . . . . . . . . . . . . . . . . . 21 38 Piercing 150 | . . . . . . . . . . . . 68 . 3 7 4 32 . 15 6 2 . . . . . . 13 Sneak Attacks 43 | . . . 4 5 7 . . . . 1 . 7 . 1 . . 5 . 1 2 . . . 1 . 2 5 2 Combat Hostiles 3 | . . . 2 . . . . . . . . . . . . . 1 . . . . . . . . . . . Follow-up Attacks . | . . . . . . . . . . . . . . . . . . . . . . . . . . . . . Damage Inflicted 27040 | 120 1503 1537 910 . 5230 1113 656 . 1508 5532 . 1429 . 78 522 . 472 . 110 284 69 384 . 165 1250 710 1050 2408 Guns 3389 | 120 623 1029 . . 345 . 228 . 156 220 . . . . . . . . . . . . . . 668 . . . Cannons 8578 | . . 508 492 . 3904 449 428 . 99 1646 . . . . . . . . . . 69 334 . . 309 297 . 43 Explosions 8481 | . 880 . . . 109 664 . . 1253 3593 . . . . . . . . . . . . . . 135 . . 1847 Melee 6588 | . . . 418 . 868 . . . . 73 . 1429 . 78 522 . 472 . 110 284 . 50 . 165 138 413 1050 518 Ramming 4 | . . . . . 4 . . . . . . . . . . . . . . . . . . . . . . . Kinetic 3794 | 120 623 1079 96 . 62 206 625 . 156 827 . . . . . . . . . . . . . . . . . . Thermal 7111 | . 225 458 396 . 3649 243 31 . . 922 . . . . . . . . . . 69 334 . . 444 297 . 43 Explosive 7904 | . 655 . . . . 664 . . 1253 3485 . . . . . . . . . . . . . . . . . 1847 Electromagnetic 971 | . . . . . 647 . . . 99 225 . . . . . . . . . . . . . . . . . . Impact 3288 | . . . 418 . 660 . . . . 73 . 1218 . . . . 153 . . . . 50 . 165 138 413 . . Slashing 1611 | . . . . . 208 . . . . . . . . . . . . . . . . . . . . . 1050 353 Piercing 1689 | . . . . . . . . . . . . 211 . 78 522 . 319 . 110 284 . . . . . . . 165 Entropic 668 | . . . . . . . . . . . . . . . . . . . . . . . . . 668 . . . Highest Corruption 28 | . . . 2 4 6 7 7 4 4 19 28 28 3 3 3 11 . . . . . . . 1 6 . 1 11 Average Corruption 5 | . . . 1 4 3 6 4 4 4 7 25 7 3 3 3 5 . . . . . . . 1 2 . 1 6 Corruption Purged 33 | . . . . . 2 . 3 . . . . 28 . . . . . . . . . . . . . . . . Corruption Blocked . | . . . . . . . . . . . . . . . . . . . . . . . . . . . . . Effects 317 | . . . . . 33 47 53 2 39 49 7 16 5 5 1 5 . . . . . . . 1 8 . . 46 Message Errors 84 | . . . . . 9 12 20 . 6 13 2 4 1 2 . 1 . . . . . . . . 2 . . 12 Matter Fused 70 | . . . . . 9 14 7 2 6 12 1 7 . . . 1 . . . . . . . 1 1 . . 9 Heat Flow Errors 31 | . . . . . 5 4 5 . 6 4 . 1 1 . . . . . . . . . . . . . . 5 Energy Discharges 24 | . . . . . 2 2 6 . 3 5 . . . . . . . . . . . . . . . . . 6 Parts Rejected 6 | . . . . . 1 . 1 . . . . 1 . . . . . . . . . . . . 1 . . 2 Parts Fused 6 | . . . . . 1 1 . . . 4 . . . . . . . . . . . . . . . . . . Data Loss (minor) 44 | . . . . . 4 7 4 . 10 4 . 2 2 1 . 3 . . . . . . . . 3 . . 4 Data Loss (major) 15 | . . . . . 1 2 3 . 3 1 1 . 1 . 1 . . . . . . . . . . . . 2 Misfires 11 | . . . . . . 2 3 . 3 2 . . . . . . . . . . . . . . 1 . . . Alerts 11 | . . . . . 1 2 2 . 1 1 . 1 . 2 . . . . . . . . . . . . . 1 Misdirections 9 | . . . . . . . . . . 1 3 . . . . . . . . . . . . . . . . 5 Weapon Failures 6 | . . . . . . 1 2 . 1 2 . . . . . . . . . . . . . . . . . . Overload Shots 5 | . . . . . . . . . . . . . . . . . . . . . . . . . 1 . . 4 Effects 2 | . . . . . . . . . . . . . . . . . . . . . . . . . . . . 2 Energy Bleed 1 | . . . . . . . . . . . . . . . . . . . . . . . . . . . . 1 Short Circuit 1 | . . . . . . . . . . . . . . . . . . . . . . . . . . . . 1 Overflow Damage 3132 | . 59 . 209 . 495 36 28 . 35 266 . 539 . . 43 . 195 . 80 135 . 26 . . 138 176 506 166 Projectiles 170 | . . . 5 . 115 3 28 . 3 8 . . . . . . . . . . . . . . . . . 8 Explosions 376 | . 59 . . . . 33 . . 32 185 . . . . . . . . . . . . . . . . . 67 Melee 2586 | . . . 204 . 380 . . . . 73 . 539 . . 43 . 195 . 80 135 . 26 . . 138 176 506 91 Knockbacks 23 | . . 4 2 . 2 . 5 . . 5 . 3 . . . . . . . . . . . . 1 1 . . Impact 9 | . . . 1 . 2 . . . . 1 . 3 . . . . . . . . . . . . 1 1 . . Kinetic 14 | . . 4 1 . . . 5 . . 4 . . . . . . . . . . . . . . . . . . Secondary . | . . . . . . . . . . . . . . . . . . . . . . . . . . . . . Self-Inflicted Damage 273 | . . . . . . 45 . . 68 160 . . . . . . . . . . . . . . . . . . Shots 6 | . . . . . . 1 . . 1 4 . . . . . . . . . . . . . . . . . . Rammed 1 | . . . . . 1 . . . . . . . . . . . . . . . . . . . . . . . Targets Rammed 1 | . . . . . 1 . . . . . . . . . . . . . . . . . . . . . . . Kicked . | . . . . . . . . . . . . . . . . . . . . . . . . . . . . . Crushed . | . . . . . . . . . . . . . . . . . . . . . . . . . . . . . Highest Temperature 482 | . 27 234 180 . 482 220 302 . 260 153 . 338 294 . . 72 110 . 58 13 18 16 17 59 106 42 . 155 Average Temperature 69 | . 7 74 74 . 121 49 53 . 65 23 . 75 151 . . 26 37 . 18 10 8 7 7 18 33 21 . 69 Received Heat Transfer 2329 | . 186 540 63 . 584 . 135 . 24 626 . 9 12 . . . 9 . 27 . . 12 9 . . 18 . 75 Effects 11 | . . . . . 9 . . . . . . . 2 . . . . . . . . . . . . . . . Shutdowns 3 | . . . . . 3 . . . . . . . . . . . . . . . . . . . . . . . Energy Bleed 3 | . . . . . 3 . . . . . . . . . . . . . . . . . . . . . . . Interference 3 | . . . . . 1 . . . . . . . 2 . . . . . . . . . . . . . . . Short Circuit 1 | . . . . . 1 . . . . . . . . . . . . . . . . . . . . . . . Damage (minor) 1 | . . . . . 1 . . . . . . . . . . . . . . . . . . . . . . . Siege Activations . | . . . . . . . . . . . . . . . . . . . . . . . . . . . . . Martial Activations . | . . . . . . . . . . . . . . . . . . . . . . . . . . . . . Shielding Activations . | . . . . . . . . . . . . . . . . . . . . . . . . . . . . . Robots Disrupted . | . . . . . . . . . . . . . . . . . . . . . . . . . . . . . Combat Hostiles . | . . . . . . . . . . . . . . . . . . . . . . . . . . . . . Robots Corrupted 20 | . . . 2 . 4 . . . . 1 . 7 . . . . . . . . . 1 . . 2 3 . . Combat Hostiles 6 | . . . 2 . 3 . . . . . . . . . . . . . . . . 1 . . . . . . Parts Fried 24 | . . . 2 . 6 . . . . 3 . 6 . . . . . . . . . 3 . . 2 2 . . Impact Corruptions 45 | . . . 5 . 8 . . . . 2 . 18 . . . . 1 . . . . 2 . . 4 5 . . Robots Melted 1 | . . . . . 1 . . . . . . . . . . . . . . . . . . . . . . . Combat Hostiles 1 | . . . . . 1 . . . . . . . . . . . . . . . . . . . . . . . Parts Melted 21 | . . 4 . . 12 . . . . 2 . . . . . . . . . . . . . . 1 2 . . Heat Transferred 8908 | . 150 595 518 . 5169 259 37 . . 1168 . . . . . . . . . . 74 259 . . 383 259 . 37 Parts Sabotaged . | . . . . . . . . . . . . . . . . . . . . . . . . . . . . . Parts Stolen . | . . . . . . . . . . . . . . . . . . . . . . . . . . . . . Parts Stripped . | . . . . . . . . . . . . . . . . . . . . . . . . . . . . . Power Chain Reactions . | . . . . . . . . . . . . . . . . . . . . . . . . . . . . . Alert | -11 -10 -10 -8 -8 -6 -6 -6 -6 -5 -5 -5 -5 -5 -5 -5 -4 -4 -4 -4 -4 -4 -4 -3 -3 -3 -2 -2 -2 ------- Run | Yrd Mat Sub Rec Scr Fac Low Low Dat Pro Fac Was Fac Upp Upp Zhi Pro Fac Was Fac Upp Upp War Pro Res Tes Res Qua Frg Maximum Alert Level 3 | . 1 . . . 2 . . . . 3 1 1 . . . . . . . . . . . . . 1 1 3 Low Security (%) 70 | 100 97 . 100 . 59 . . . . 10 . 88 . . . . 100 100 100 . . . . 100 100 99 96 37 Level 1 15 | . 2 . . . 34 . . . . 33 100 11 . . . . . . . . . . . . . . 3 13 Level 2 8 | . . . . . 6 . . . . 41 . . . . . . . . . . . . . . . . . 12 Level 3 5 | . . . . . . . . . . 14 . . . . . . . . . . . . . . . . . 37 Level 4 . | . . . . . . . . . . . . . . . . . . . . . . . . . . . . . Level 5 . | . . . . . . . . . . . . . . . . . . . . . . . . . . . . . High Security . | . . . . . . . . . . . . . . . . . . . . . . . . . . . . . Max Security . | . . . . . . . . . . . . . . . . . . . . . . . . . . . . . Peak Influence 1066 | 15 214 . 92 . 497 . . . . 1065 346 231 . . . . 34 3 32 . . . . 21 191 203 206 1066 Initial 503 | . 3 . 51 . . . . . . 503 346 221 . . . . . 3 . . . . . . 4 100 109 105 Average 174 | 4 48 . 16 . 154 . . . . 436 335 94 . . . . 7 . 7 . . . . 4 79 113 167 476 Influence Increases 8712 | 25 579 295 333 . 1225 170 70 . 360 1941 . 498 60 5 5 . 215 . 213 . 30 20 . 83 410 301 287 1587 Destroy 0b10 Robot/C 2500 | . 320 200 100 . 580 160 60 . 260 580 . . . . . . 20 . . . . . . . 60 . 20 140 Destroy 0b10 Robot/NC 425 | 25 35 . 25 . 65 . . . 10 65 . 65 . 5 5 . 20 . 5 . . 5 . 5 20 35 15 20 Destroy Leader 500 | . 76 20 . . 170 10 10 . 30 94 . 10 . . . . 12 . . . . . . . 26 14 12 16 Trap Triggered on 0b10 20 | . . . . . . . . . . . . . . . . . . . 20 . . . . . . . . . Successful Hack 403 | . 17 . 5 . 33 . . . . 39 . 102 . . . . 1 . 44 . . . . . 30 . 84 48 Select Force Hacks 240 | . 60 . 180 . . . . . . . . . . . . . . . . . . . . . . . . . Disable Machine 1110 | . 45 . 15 . 255 . . . . 240 . 30 . . . . 15 . 15 . . . . . 60 15 90 330 Destroy Structure 1339 | . 26 . 8 . 62 . . . . 428 . 156 . . . . 102 . 54 . . . . 48 124 72 51 208 Advance Influence 450 | . . . . . . . . . . 450 . . . . . . . . . . . . . . . . . . Partial Spotted 630 | . . . . . . . . . . . . 135 . . . . 45 . 60 . . . . 30 90 135 15 120 Lose Combat Pursuer 1095 | . . 75 . . 60 . . . 60 45 . . 60 . . . . . 15 . 30 15 . . . 30 . 705 Influence Decreases 7650 | 20 554 217 365 76 797 598 70 . 275 1037 673 736 88 55 5 . 205 10 192 21 30 20 . 74 240 285 294 713 Entered New Map 1388 | . 2 15 57 76 . 159 . . . 32 643 95 30 10 . . . 7 . 9 . . . . 5 79 86 83 Time Decay 5195 | 20 402 202 298 . 447 439 70 . 275 595 20 601 58 45 5 . 205 3 185 12 30 20 . 74 235 206 198 550 Search Patrol Dispatched 150 | . . . . . . . . . . 150 . . . . . . . . . . . . . . . . . . Lost Part 260 | . . . 10 . 50 . . . . 110 10 10 . . . . . . . . . . . . . . . 70 Lost Ally 57 | . . . . . . . . . . . . 30 . . . . . . 7 . . . . . . . 10 10 Purge Threat 600 | . 150 . . . 300 . . . . 150 . . . . . . . . . . . . . . . . . . Squads Dispatched 85 | . 5 . . . 14 . . . . 11 . 21 . . . . 5 . 7 . . . . 3 2 3 3 11 Investigation 40 | . 3 . . . 5 . . . . 4 . 10 . . . . 3 . 5 . . . . 3 . . . 7 Extermination 23 | . . . . . 7 . . . . 3 . 3 . . . . 2 . 1 . . . . . 2 1 3 1 Reinforcement 18 | . 2 . . . 2 . . . . 2 . 6 . . . . . . 1 . . . . . . 2 . 3 Assault 4 | . . . . . . . . . . 2 . 2 . . . . . . . . . . . . . . . . Garrison . | . . . . . . . . . . . . . . . . . . . . . . . . . . . . . Intercept . | . . . . . . . . . . . . . . . . . . . . . . . . . . . . . Searches Triggered 1 | . . . . . . . . . . 1 . . . . . . . . . . . . . . . . . . Data Miner Redirects 2 | . . . . . . . . . . 1 . 1 . . . . . . . . . . . . . . . . Construction Impeded 3 | . . . . . 1 . . . . 2 . . . . . . . . . . . . . . . . . . Haulers Reinforced 2 | . . . . . 1 . . . . . . . . . . . . . . . . . . . . 1 . . Active Scanning Responses . | . . . . . . . . . . . . . . . . . . . . . . . . . . . . . Cargo Convoy Interrupts 1 | . . . . . . . . . . . . 1 . . . . . . . . . . . . . . . . Stealth | -11 -10 -10 -8 -8 -6 -6 -6 -6 -5 -5 -5 -5 -5 -5 -5 -4 -4 -4 -4 -4 -4 -4 -3 -3 -3 -2 -2 -2 --------- Run | Yrd Mat Sub Rec Scr Fac Low Low Dat Pro Fac Was Fac Upp Upp Zhi Pro Fac Was Fac Upp Upp War Pro Res Tes Res Qua Frg Distress Signals 19 | . . . 1 . 2 . . . . 4 . . . . . . . . 2 . . . . 1 . . 1 8 Communications Jammed 29 | . . . . . . . . . . . . . . . . . . . 7 . . . . . . 1 . 21 Distress Signals 22 | . . . . . . . . . . . . . . . . . . . . . . . . . . 1 . 21 Times Spotted 411 | . 21 23 5 . 40 7 3 . 15 42 6 41 4 . . 9 8 . 19 . 2 19 7 3 6 19 5 107 Peak Tracking Total 16 | . 4 6 2 . 5 6 3 . 4 8 6 6 4 . . 4 6 . 11 . 2 7 5 3 3 16 2 13 Tactical Retreats 57 | . . 2 . . 4 . . . 4 2 . 8 1 . . 2 . . 4 . 2 1 1 . . 2 . 24 Traps | -11 -10 -10 -8 -8 -6 -6 -6 -6 -5 -5 -5 -5 -5 -5 -5 -4 -4 -4 -4 -4 -4 -4 -3 -3 -3 -2 -2 -2 ------- Run | Yrd Mat Sub Rec Scr Fac Low Low Dat Pro Fac Was Fac Upp Upp Zhi Pro Fac Was Fac Upp Upp War Pro Res Tes Res Qua Frg Traps Triggered 13 | . 1 1 . . . 1 . . . 1 . 2 . . . . 2 . 1 . . . . 1 2 1 . . Indirectly . | . . . . . . . . . . . . . . . . . . . . . . . . . . . . . Trap Hack Attempts . | . . . . . . . . . . . . . . . . . . . . . . . . . . . . . Triggered . | . . . . . . . . . . . . . . . . . . . . . . . . . . . . . Disarmed . | . . . . . . . . . . . . . . . . . . . . . . . . . . . . . Reprogrammed 6 | . . . . . . . . . . . . . . . . . . . 6 . . . . . . . . . Reused 2 | . . . . . . . . . . . . . . . . . . . 2 . . . . . . . . . Traps Extracted . | . . . . . . . . . . . . . . . . . . . . . . . . . . . . . Installed . | . . . . . . . . . . . . . . . . . . . . . . . . . . . . . Triggered 2 | . . . . . . . . . . . . . . . . . . . 2 . . . . . . . . . Machines | -11 -10 -10 -8 -8 -6 -6 -6 -6 -5 -5 -5 -5 -5 -5 -5 -4 -4 -4 -4 -4 -4 -4 -3 -3 -3 -2 -2 -2 ---------- Run | Yrd Mat Sub Rec Scr Fac Low Low Dat Pro Fac Was Fac Upp Upp Zhi Pro Fac Was Fac Upp Upp War Pro Res Tes Res Qua Frg Machines Disabled 82 | . 3 1 1 . 17 1 . . . 16 . 2 1 . . . 1 . 1 . . . . . 4 1 6 27 Max in Single Turn 7 | . 2 1 1 . 6 1 . . . 6 . 1 1 . . . 1 . 1 . . . . . 1 1 1 7 Garrison Access 9 | . . . . . . . . . . 1 . 4 . . . . . . 2 . . . . 1 1 . . . Machines Repaired . | . . . . . . . . . . . . . . . . . . . . . . . . . . . . . Machines Dismantled . | . . . . . . . . . . . . . . . . . . . . . . . . . . . . . Machines Sabotaged . | . . . . . . . . . . . . . . . . . . . . . . . . . . . . . Overloaded Fab Kills . | . . . . . . . . . . . . . . . . . . . . . . . . . . . . . Hacking | -11 -10 -10 -8 -8 -6 -6 -6 -6 -5 -5 -5 -5 -5 -5 -5 -4 -4 -4 -4 -4 -4 -4 -3 -3 -3 -2 -2 -2 --------- Run | Yrd Mat Sub Rec Scr Fac Low Low Dat Pro Fac Was Fac Upp Upp Zhi Pro Fac Was Fac Upp Upp War Pro Res Tes Res Qua Frg Machines Accessed 173 | . 8 1 14 8 10 2 1 4 . 11 . 27 1 . 4 . 8 . 14 2 1 6 . 7 12 2 13 17 Terminals 79 | . 6 . 6 . 4 1 1 . . 6 . 14 . . . . 4 . 5 . . . . 3 7 2 12 8 Fabricators 12 | . . . . . 1 . . . . 2 . 2 . . . . . . 1 . . . . . 2 . . 4 Repair Stations 9 | . . . . . 1 . . . . . . 1 . . . . 2 . 2 . . . . . 2 . . 1 Recycling Units 31 | . 2 . 6 . 4 . . . . 2 . 7 . . . . 1 . 4 . . . . 2 . . . 3 Scanalyzers 3 | . . . . . . . . . . . . . . . . . 1 . . . . . . . . . 1 1 Garrison Access 9 | . . . . . . . . . . 1 . 3 . . . . . . 2 . . . . 2 1 . . . Total Hacks 561 | . 18 5 51 51 25 5 1 29 . 28 . 127 1 . 17 . 17 . 36 3 1 18 . 14 24 6 42 42 Successful 400 | . 10 5 40 51 18 5 1 29 . 16 . 64 1 . 17 . 11 . 32 3 1 18 . 8 13 4 33 20 Failed 161 | . 8 . 11 . 7 . . . . 12 . 63 . . . . 6 . 4 . . . . 6 11 2 9 22 Catastrophic 20 | . 1 . . . 1 . . . . 1 . 8 . . . . . . 1 . . . . . 3 1 1 3 Database Lockouts . | . . . . . . . . . . . . . . . . . . . . . . . . . . . . . Manual 271 | . 15 . 26 . 17 . . . . 18 . 86 . . . . 7 . 20 . . 1 . 5 14 5 35 22 Terminals 291 | . 16 . 20 . 13 4 1 . . 15 . 90 . . . . 11 . 23 . . . . 8 17 6 41 26 Fabricators 27 | . . . . . 2 . . . . 7 . 8 . . . . . . 2 . . . . . 3 . . 5 Repair Stations 22 | . . . . . 3 . . . . . . 7 . . . . 4 . 4 . . . . . 3 . . 1 Recycling Units 46 | . 2 . 7 . 7 . . . . 3 . 12 . . . . 1 . 5 . . . . 2 . . . 7 Scanalyzers 5 | . . . . . . . . . . . . . . . . . 1 . . . . . . . . . 1 3 Garrison Access 20 | . . . . . . . . . . 3 . 10 . . . . . . 2 . . . . 4 1 . . . Terminal Hacks 251 | . 2 5 26 51 6 5 1 29 . 2 . 33 1 . 17 . 4 . 14 3 1 18 . 2 5 3 19 4 Record 112 | . . 5 24 46 . 4 1 11 . . . . 1 . 5 . . . . 2 . 12 . . . . 1 . Part Schematic 16 | . 1 . . . . . . 10 . . . 1 . . 4 . . . . . . . . . . . . . Robot Schematic 5 | . . . . . . . . 5 . . . . . . . . . . . . . . . . . . . . Robot Analysis 11 | . . . 1 4 . . . . . . . . . . 4 . . . 2 . . . . . . . . . Prototype ID Bank 14 | . . . 1 . . . . 3 . . . 1 . . 4 . . . 1 . . 4 . . . . . . Open Door 5 | . . . . . . 1 . . . . . . . . . . . . . 1 1 2 . . . . . . Level Access Points 3 | . . . . . . . . . . . . 1 . . . . . . . . . . . . 1 . 1 . Branch Access Points 3 | . . . . . . . . . . . . 1 . . . . . . 1 . . . . . . 1 . . Emergency Access Points 7 | . . . . . . . . . . . . 2 . . . . . . 1 . . . . . . . 4 . Machine Index 2 | . . . . . . . . . . . . . . . . . 1 . . . . . . . . . . 1 Terminal Index 3 | . . . . . . . . . . . . 1 . . . . . . 1 . . . . . . . 1 . Fabricator Index 1 | . . . . . . . . . . . . 1 . . . . . . . . . . . . . . . . Repair Station Index 1 | . . . . . . . . . . . . 1 . . . . . . . . . . . . . . . . Recycling Unit Index 2 | . . . . . . . . . . . . 1 . . . . . . . . . . . . . . 1 . Garrison Index 4 | . . . . . . . . . . . . 1 . . . . . . 1 . . . . . 1 . 1 . Alert Level 8 | . . . . . 3 . . . . . . 2 . . . . . . . . . . . . . . 2 1 Unreport Threat 4 | . 1 . . . 2 . . . . 1 . . . . . . . . . . . . . . . . . . Locate Traps 14 | . . . . . . . . . . . . 5 . . . . 1 . 2 . . . . 2 1 1 1 1 Reprogram Traps 1 | . . . . . . . . . . . . . . . . . . . 1 . . . . . . . . . Dispatch Records 2 | . . . . . . . . . . . . 1 . . . . . . . . . . . . . . 1 . Patrol Status 1 | . . . . . . . . . . . . . . . . . . . . . . . . . . . 1 . Transport Status 1 | . . . . . . . . . . . . . . . . . . . . . . . . . 1 . . . Investigation Status 2 | . . . . . . . . . . . . 2 . . . . . . . . . . . . . . . . Recall Investigation 1 | . . . . . . . . . . . . 1 . . . . . . . . . . . . . . . . Recall Extermination 2 | . . . . . . . . . . . . 1 . . . . . . . . . . . . . . 1 . Recall Reinforcements 3 | . . . . . . . . . . . . 3 . . . . . . . . . . . . . . . . Hauler Manifests 5 | . . . . . 1 . . . . 1 . 1 . . . . 1 . . . . . . . . . 1 . Zone Layout 17 | . . . . . . . . . . . . 6 . . . . 1 . 4 . . . . . 1 1 3 1 Proto ID Catalog 1 | . . . . 1 . . . . . . . . . . . . . . . . . . . . . . . . Fabricator Hacks 10 | . . . . . . . . . . 4 . 2 . . . . . . 1 . . . . . 1 . . 2 Network Status 4 | . . . . . . . . . . 1 . 1 . . . . . . 1 . . . . . 1 . . . Load Schematic 4 | . . . . . . . . . . 2 . 1 . . . . . . . . . . . . . . . 1 Build 2 | . . . . . . . . . . 1 . . . . . . . . . . . . . . . . . 1 Repair Station Hacks 13 | . . . . . 2 . . . . . . 5 . . . . 1 . 3 . . . . . 2 . . . Scan Component 7 | . . . . . 1 . . . . . . 3 . . . . 1 . 1 . . . . . 1 . . . Repair 5 | . . . . . 1 . . . . . . 2 . . . . . . 1 . . . . . 1 . . . Refit 1 | . . . . . . . . . . . . . . . . . . . 1 . . . . . . . . . Recycling Unit Hacks 1 | . . . . . 1 . . . . . . . . . . . . . . . . . . . . . . . Retrieve Components 1 | . . . . . 1 . . . . . . . . . . . . . . . . . . . . . . . Scanalyzer 3 | . . . . . . . . . . . . . . . . . 1 . . . . . . . . . . 2 Insert Component 3 | . . . . . . . . . . . . . . . . . 1 . . . . . . . . . . 2 Garrison Access Hacks 8 | . . . . . . . . . . 1 . 3 . . . . . . 2 . . . . 1 1 . . . Seal Access 8 | . . . . . . . . . . 1 . 3 . . . . . . 2 . . . . 1 1 . . . Unauthorized Hacks 114 | . 8 . 14 . 9 . . . . 9 . 21 . . . . 5 . 12 . . . . 5 4 1 14 12 Terminals 72 | . 6 . 8 . 4 . . . . 4 . 13 . . . . 3 . 6 . . . . 3 3 1 13 8 Track 10 | . . . . . . . . . . 1 . 2 . . . . 1 . 1 . . . . . . . 3 2 Assimilate 9 | . . . . . . . . . . 1 . 4 . . . . . . 1 . . . . . . . 1 2 Botnet 37 | . 2 . 3 . 3 . . . . 2 . 5 . . . . 2 . 2 . . . . 3 3 1 8 3 Disrupt 3 | . . . . . . . . . . . . 1 . . . . . . 1 . . . . . . . . 1 Operators 4 | . . . . . 1 . . . . . . 1 . . . . . . 1 . . . . . . . 1 . Skim 9 | . 4 . 5 . . . . . . . . . . . . . . . . . . . . . . . . . Fabricators 6 | . . . . . . . . . . 3 . 1 . . . . . . 1 . . . . . 1 . . . Prioritize 1 | . . . . . . . . . . 1 . . . . . . . . . . . . . . . . . . Haulers 3 | . . . . . . . . . . . . 1 . . . . . . 1 . . . . . 1 . . . Recompile 2 | . . . . . . . . . . 2 . . . . . . . . . . . . . . . . . . Repair Stations 4 | . . . . . 1 . . . . . . . . . . . 1 . 1 . . . . . . . . 1 Patch 4 | . . . . . 1 . . . . . . . . . . . 1 . 1 . . . . . . . . 1 Recycling Units 31 | . 2 . 6 . 4 . . . . 2 . 7 . . . . 1 . 4 . . . . 2 . . . 3 Tunnel 8 | . 2 . 6 . . . . . . . . . . . . . . . . . . . . . . . . . Fedlink 23 | . . . . . 4 . . . . 2 . 7 . . . . 1 . 4 . . . . 2 . . . 3 Scanalyzers 1 | . . . . . . . . . . . . . . . . . . . . . . . . . . . 1 . Researchers 1 | . . . . . . . . . . . . . . . . . . . . . . . . . . . 1 . Garrison Access . | . . . . . . . . . . . . . . . . . . . . . . . . . . . . . Data Cores Recovered 3 | . . . . . . . . . . . . 1 . . . . . . . . . . . . 1 . 1 . Used . | . . . . . . . . . . . . . . . . . . . . . . . . . . . . . Hacking Detections 97 | . 6 . 7 . 6 1 . . . 8 . 17 . . . . 6 . 7 . . . . 3 10 2 10 14 Full Trace Events 8 | . 1 . . . . . . . . . . 3 . . . . . . . . . . . 1 . . . 3 Feedback Events . | . . . . . . . . . . . . . . . . . . . . . . . . . . . . . Feedback Blocked 2 | . . . . . . . . . . . . 1 . . . . . . . . . . . 1 . . . . Robot Schematics Acquired 5 | . . . . . . . . 5 . . . . . . . . . . . . . . . . . . . . Robots Built . | . . . . . . . . . . . . . . . . . . . . . . . . . . . . . Authchips . | . . . . . . . . . . . . . . . . . . . . . . . . . . . . . Time . | . . . . . . . . . . . . . . . . . . . . . . . . . . . . . Total Robot Build Rating . | . . . . . . . . . . . . . . . . . . . . . . . . . . . . . Part Schematics Acquired 16 | . 1 . . . . . . 10 . . . 1 . . 4 . . . . . . . . . . . . . Parts Built 2 | . . . . . . . . . . 1 . . . . . . . . . . . . . . . . . 1 Authchips 1 | . . . . . . . . . . 1 . . . . . . . . . . . . . . . . . . Time 140 | . . . . . . . . . . 84 . . . . . . . . . . . . . . . . . 56 Total Part Build Rating 12 | . . . . . . . . . . 6 . . . . . . . . . . . . . . . . . 6 Parts Repaired 5 | . . . . . 1 . . . . . . 2 . . . . . . 1 . . . . . 1 . . . Time 386 | . . . . . 44 . . . . . . 180 . . . . . . 112 . . . . . 50 . . . Parts Recycled . | . . . . . . . . . . . . . . . . . . . . . . . . . . . . . Recycled Matter . | . . . . . . . . . . . . . . . . . . . . . . . . . . . . . Retrieved Matter . | . . . . . . . . . . . . . . . . . . . . . . . . . . . . . Retrieved Components 2 | . . . . . 2 . . . . . . . . . . . . . . . . . . . . . . . Parts Scanalyzed . | . . . . . . . . . . . . . . . . . . . . . . . . . . . . . Part Schematics Acquired . | . . . . . . . . . . . . . . . . . . . . . . . . . . . . . Parts Damaged . | . . . . . . . . . . . . . . . . . . . . . . . . . . . . . Bothacking | -11 -10 -10 -8 -8 -6 -6 -6 -6 -5 -5 -5 -5 -5 -5 -5 -4 -4 -4 -4 -4 -4 -4 -3 -3 -3 -2 -2 -2 ------------ Run | Yrd Mat Sub Rec Scr Fac Low Low Dat Pro Fac Was Fac Upp Upp Zhi Pro Fac Was Fac Upp Upp War Pro Res Tes Res Qua Frg Used RIF Installer . | . . . . . . . . . . . . . . . . . . . . . . . . . . . . . Robots Hacked 11 | . . . . 5 1 . . . . . . . . . 3 . 1 . 1 . . . . . . . . . Non-combat 4 | . . . . 1 1 . . . . . . . . . . . 1 . 1 . . . . . . . . . Combat 7 | . . . . 4 . . . . . . . . . . 3 . . . . . . . . . . . . . Robot Hacks Applied 12 | . . . . 5 1 . . . . . . . . . 3 . 2 . 1 . . . . . . . . . parse_system 8 | . . . . 5 . . . . . . . . . . 3 . . . . . . . . . . . . . find_chute 3 | . . . . . 1 . . . . . . . . . . . 2 . . . . . . . . . . . find_station 1 | . . . . . . . . . . . . . . . . . . . 1 . . . . . . . . . Relay Couplers Released 2 | . . . . . . . . . . . . 2 . . . . . . . . . . . . . . . . Machine Destruction 2 | . . . . . . . . . . . . 2 . . . . . . . . . . . . . . . . Fabnet Peak Effective % . | . . . . . . . . . . . . . . . . . . . . . . . . . . . . . Robots Rewired . | . . . . . . . . . . . . . . . . . . . . . . . . . . . . . Allies Hacked . | . . . . . . . . . . . . . . . . . . . . . . . . . . . . . Hacks Repelled . | . . . . . . . . . . . . . . . . . . . . . . . . . . . . . Allies | -11 -10 -10 -8 -8 -6 -6 -6 -6 -5 -5 -5 -5 -5 -5 -5 -4 -4 -4 -4 -4 -4 -4 -3 -3 -3 -2 -2 -2 -------- Run | Yrd Mat Sub Rec Scr Fac Low Low Dat Pro Fac Was Fac Upp Upp Zhi Pro Fac Was Fac Upp Upp War Pro Res Tes Res Qua Frg Total Allies 7 | . . . . . . . . . . 1 . 3 . . . . . . 1 . . . . . . . 1 1 Largest Group 2 | . . . . . . . . . . 1 . 2 . . . . . . 1 . . . . . . . 1 1 Highest-Rated Group 45 | . . . . . . . . . . 26 . 36 . . . . . . 10 . . . . . . . 26 45 Highest-Rated Ally 45 | . . . . . . . . . . 26 . 26 . . . . . . 10 . . . . . . . 26 45 Total Orders 14 | . . . . . . . . . . 2 . 9 . . . . . . 1 . . . . . . . 1 1 STAY 9 | . . . . . . . . . . 1 . 5 . . . . . . 1 . . . . . . . 1 1 FOLLOW 5 | . . . . . . . . . . 1 . 4 . . . . . . . . . . . . . . . . Ally Attacks . | . . . . . . . . . . . . . . . . . . . . . . . . . . . . . Total Damage . | . . . . . . . . . . . . . . . . . . . . . . . . . . . . . Kills . | . . . . . . . . . . . . . . . . . . . . . . . . . . . . . Allies Corrupted . | . . . . . . . . . . . . . . . . . . . . . . . . . . . . . Allies Melted 1 | . . . . . . . . . . . . . . . . . . . . . . . . . . . . 1 Intel | -11 -10 -10 -8 -8 -6 -6 -6 -6 -5 -5 -5 -5 -5 -5 -5 -4 -4 -4 -4 -4 -4 -4 -3 -3 -3 -2 -2 -2 ------- Run | Yrd Mat Sub Rec Scr Fac Low Low Dat Pro Fac Was Fac Upp Upp Zhi Pro Fac Was Fac Upp Upp War Pro Res Tes Res Qua Frg Active Infowar (turns) 24677 | 11 1360 586 66 2865 3449 1743 2234 155 1653 1882 48 1936 232 186 88 247 720 63 701 248 275 548 98 260 586 421 417 1599 Optics 20124 | . . . . 335 3449 1743 2234 155 1653 1882 48 1936 232 186 88 247 720 63 701 248 275 548 98 260 586 421 417 1599 Sensors 2165 | . . . . . . 11 . . . . . . . . . . . . . . . . . . . 314 417 1423 IFF 14075 | . . . . . 1519 1635 2049 146 1541 1589 38 1719 211 186 86 247 720 63 574 246 268 268 69 248 478 108 . 67 Seismic 5238 | 11 1360 586 66 2530 685 . . . . . . . . . . . . . . . . . . . . . . . Decoding 2 | . . . . . . . . . . . . . . . . . . . . . 2 . . . . . . . Machine Analysis 1541 | . . . . . 1541 . . . . . . . . . . . . . . . . . . . . . . . Cloaking 504 | . . . . . . . . . . . . . . . . . . . . . . . . . . . . 504 Jamming 2077 | . . . . . . . . . . . . . . . . . . . 30 . . . . . 309 396 344 998 ECM 1455 | . . . . . . . . . . . 1 893 . . . 65 60 . 174 22 . . 5 7 . 14 . 214 Robot Analysis Total 11 | . . . 1 4 . . . . . . . . . . 4 . . . 2 . . . . . . . . . Derelict Logs Recovered 16 | . . 1 . 4 . 1 2 . 2 . . . 1 2 . 1 . . . 1 1 . . . . . . . Drone Launches . | . . . . . . . . . . . . . . . . . . . . . . . . . . . . . Drone Recoveries . | . . . . . . . . . . . . . . . . . . . . . . . . . . . . . Exploration | -11 -10 -10 -8 -8 -6 -6 -6 -6 -5 -5 -5 -5 -5 -5 -5 -4 -4 -4 -4 -4 -4 -4 -3 -3 -3 -2 -2 -2 ------------- Run | Yrd Mat Sub Rec Scr Fac Low Low Dat Pro Fac Was Fac Upp Upp Zhi Pro Fac Was Fac Upp Upp War Pro Res Tes Res Qua Frg Turns Passed 27206 | 93 1360 1898 1202 2865 3449 1743 2234 155 1653 1882 48 1936 232 186 88 247 720 63 701 248 275 548 98 260 586 421 417 1598 Spaces Moved 30576 | 27 783 1260 832 2013 1916 914 1167 91 872 966 94 3884 682 699 169 683 1473 242 1419 664 829 1017 352 728 1155 985 1003 3657 Core 42 | . . . . . . . . . . . . 42 . . . . . . . . . . . . . . . . Treads 728 | . 372 337 . 6 . . . . . 13 . . . . . . . . . . . . . . . . . . Legs 439 | 27 411 . . . . . . . . . . . . . . . 1 . . . . . . . . . . . Wheels 9675 | . . 923 832 2007 1916 914 1167 91 872 953 . . . . . . . . . . . . . . . . . . Hover . | . . . . . . . . . . . . . . . . . . . . . . . . . . . . . Flight 19692 | . . . . . . . . . . . 94 3842 682 699 169 683 1472 242 1419 664 829 1017 352 728 1155 985 1003 3657 Fastest Speed 7 | 120 120 100 110 129 123 165 165 165 165 123 28 12 25 25 25 15 25 26 15 26 26 26 15 17 7 12 12 12 Average Speed 67 | 120 139 125 130 139 136 165 165 165 165 147 28 27 26 25 25 25 26 26 30 26 26 26 25 21 21 24 21 25 Slowest Speed 480 | 120 160 240 190 480 165 165 180 180 165 250 48 200 28 25 25 101 210 26 435 26 26 26 26 242 22 27 22 168 Overloaded Moves 193 | . . . . . . . . . . . . 70 . . . 7 . . 22 . . . 11 . 2 31 16 34 Propulsion Burnouts . | . . . . . . . . . . . . . . . . . . . . . . . . . . . . . Robots Hopped 79 | . . . . . . . . . . . 4 19 . . . 4 2 1 1 . . 1 2 2 3 24 1 15 Potential Cave-ins 36 | . . . . . . 9 1 . . . . 2 3 . . 17 2 . . . . . . . . . . 2 Cave-ins Triggered 1 | . . . . . . . . . . . . . . . . 1 . . . . . . . . . . . . Exploration Rate (%) 69 | 3 97 40 96 95 61 96 92 74 92 23 88 77 77 80 61 66 28 95 41 82 90 95 73 24 87 22 85 65 Regions Visited 28 Branch Regions 18 Pre-discovered Areas 15 | . 2 . 6 . 1 1 1 1 . . . . . . 3 . . . . . . . . . . . . . Known Exits Taken 12 | . . . 1 . 1 . 1 . 1 . . 1 . . . 1 . . 1 . . . 1 1 1 1 1 . Unknown Exits Taken 12 | 1 1 1 . 1 . 1 . 1 . . . . 1 1 1 . . . . 1 1 1 . . . . . . Scrap Searched 48 | . . 5 . 11 . 3 11 . 1 . . . 3 5 . . . . . 4 1 . 4 . . . . . Spaces Dug 567 | . . 9 4 . 39 38 38 . 81 42 . 74 4 2 . 5 45 . 26 4 3 . 1 18 39 22 15 58 Terrain Destroyed 1222 | . 26 26 8 . 65 82 73 . 206 324 . 81 9 2 . 13 57 . 37 4 6 1 1 25 69 26 18 63 Melee 223 | . . . 3 . 17 . . . . . . 68 2 2 . 4 30 . 16 2 2 . . 9 6 15 12 35 Projectile 434 | . . 3 5 . 48 46 73 . 16 47 . 13 7 . . 9 27 . 21 2 4 1 1 16 50 11 6 28 AOE 565 | . 26 23 . . . 36 . . 190 277 . . . . . . . . . . . . . . 13 . . . Terrain Rammed . | . . . . . . . . . . . . . . . . . . . . . . . . . . . . . Walls Destroyed . | . . . . . . . . . . . . . . . . . . . . . . . . . . . . . Machines Disabled . | . . . . . . . . . . . . . . . . . . . . . . . . . . . . . Actions | -11 -10 -10 -8 -8 -6 -6 -6 -6 -5 -5 -5 -5 -5 -5 -5 -4 -4 -4 -4 -4 -4 -4 -3 -3 -3 -2 -2 -2 --------- Run | Yrd Mat Sub Rec Scr Fac Low Low Dat Pro Fac Was Fac Upp Upp Zhi Pro Fac Was Fac Upp Upp War Pro Res Tes Res Qua Frg Total 35181 | 69 965 1457 895 2081 2467 1072 1375 95 1031 1266 113 4557 722 704 199 736 1707 240 1626 726 876 1279 354 788 1396 1075 1146 4164 Wait 2284 | 31 91 33 15 6 179 78 105 . 99 98 . 500 17 2 . 35 119 . 139 46 33 225 1 18 121 36 65 192 Move 30402 | 26 782 1259 831 2012 1915 913 1166 90 871 966 87 3847 681 698 168 676 1469 239 1416 663 828 1014 347 723 1148 937 1000 3630 Hop 68 | . . . . . . . . . . . 2 17 . . . 1 2 1 1 . . 1 2 2 3 23 1 12 Pick Up 203 | 1 15 21 6 21 45 3 2 . 1 15 3 17 . . 2 . 8 . 3 . . 2 . 5 6 4 6 17 Fast Attach 151 | . . 12 2 5 21 1 3 1 . 12 1 19 5 . 8 . 9 . 4 2 2 7 . 2 6 3 7 19 Attach 96 | 1 . 4 1 1 16 . . 1 . 3 11 5 2 . 1 4 3 . 2 . . 1 . 4 2 2 5 27 Detach 78 | . . 1 1 1 9 1 . 1 . 1 3 8 4 . . . 4 . 1 . 1 1 . 1 3 1 8 28 Swap 322 | . 13 13 8 10 64 16 11 1 21 37 1 19 1 1 1 6 12 . 12 4 2 4 3 4 5 18 11 24 Drop 264 | . 11 27 . 20 51 4 4 1 1 24 5 15 2 . 8 . 12 . 5 3 1 8 . 2 9 5 11 35 Fire 858 | 10 53 76 21 . 130 56 84 . 38 109 . 13 7 . 4 9 31 . 25 2 7 14 1 17 74 18 10 49 Melee 340 | . . . 10 5 36 . . . . 1 . 89 3 3 7 4 38 . 18 6 2 2 . 10 12 21 22 51 Ram . | . . . . . . . . . . . . . . . . . . . . . . . . . . . . . Kick . | . . . . . . . . . . . . . . . . . . . . . . . . . . . . . Crush 1 | . . . . . 1 . . . . . . . . . . . . . . . . . . . . . . . Escape Stasis 23 | . . . . . . . . . . . . 8 . . . 1 . . . . . . . . 7 7 . . Rewire . | . . . . . . . . . . . . . . . . . . . . . . . . . . . . . Trap . | . . . . . . . . . . . . . . . . . . . . . . . . . . . . . Miscellaneous 91 | . . 11 . . . . . . . . . . . . . . . . . . . . . . . . . 80 Route ------- -11/Scrapyard -10/Materials (discovered 6 exits: [*Mat x3] / [*Min x2] / *Sub) -10/Subcaves (discovered 2 exits: [*Mat] / *Rec) -8/Recycling (discovered 2 exits: *Fac / *Scr) -8/Scraptown (discovered 2 exits: *Fac x2) -6/Factory (discovered 3 exits: *Fac / *Low x2) -6/Lower Caves -6/Lower Caves (discovered 2 exits: *Fac / *Dat) -6/Data Miner -5/Proximity Caves -5/Factory -5/Waste -5/Factory (discovered 6 exits: *Fac x4 / *Upp x2) -5/Upper Caves -5/Upper Caves (discovered 2 exits: *Fac / *Zhi) -5/Zhirov -4/Proximity Caves -4/Factory (discovered 3 exits: Res / *Upp x2) -4/Waste -4/Factory (discovered 6 exits: *Res x2 / *Upp x2 / Ext x2) -4/Upper Caves -4/Upper Caves (discovered 2 exits: *Res / *War) -4/Warlord -3/Proximity Caves -3/Research (discovered 4 exits: Res x2 / *Tes x2) -3/Testing -2/Research (discovered 3 exits: *Acc / *Qua x2) -2/Quarantine (discovered 3 exits: *Acc / [*Sec] / *Frg) -2/Protoforge 0bPrime History --------- Turn | Location | Event 18 | -11/Scrapyard | Discovered new exit (range 3) 94 | -11/Scrapyard | Entered Materials 289 | -10/Materials | Discovered new exit (range 4) 323 | -10/Materials | Build established: Mutant 352 | -10/Materials | Discovered new exit (range 13) 447 | -10/Materials | Discovered new exit (range 11) 594 | -10/Materials | Derelicts attacked the area 802 | -10/Materials | Discovered new exit (range 12) 1009 | -10/Materials | Discovered new exit (range 6) 1239 | -10/Materials | Discovered new exit (range 11) 1454 | -10/Materials | Entered Subcaves 1745 | -10/Subcaves | Shifting Twisted Machinery released Barrage Gun 1932 | -10/Subcaves | Discovered new exit (range 12) 1954 | -10/Subcaves | Ambushed by Subdwellers from Twisted Machinery 1999 | -10/Subcaves | Core integrity fell below 50% 2033 | -10/Subcaves | Lost 4 parts (1p2n1w) 2363 | -10/Subcaves | Ambushed by Subdweller buried in earth 2363 | -10/Subcaves | Ambushed by Subdweller buried in earth 2529 | -10/Subcaves | Build established: Subdweller-Mutant 2643 | -10/Subcaves | A swath of the cavern ceiling suddenly collapsed 2671 | -10/Subcaves | Discovered new exit (range 11) 3054 | -10/Subcaves | Visited Clippyterm 3058 | -10/Subcaves | Learned Research machine intel 3058 | -10/Subcaves | Learned Factory trap positions 3352 | -10/Subcaves | Entered Recycling 3457 | -8/Recycling | Discovered new exit (range 11) 3563 | -8/Recycling | Build established: Scavenger-Mutant 4352 | -8/Recycling | Core integrity fell below 20% 4441 | -8/Recycling | Identified exit to Scraptown 4473 | -8/Recycling | Learned Storage stockpile data 4496 | -8/Recycling | Learned Factory stockpile data 4507 | -8/Recycling | Learned Factory scanalyzer intel 4508 | -8/Recycling | Learned Factory security intel 4509 | -8/Recycling | Learned Factory stockpile data 4510 | -8/Recycling | Learned 2 Storage zone layouts 4522 | -8/Recycling | Learned 2 Lower Caves zone layouts 4524 | -8/Recycling | Scanned before Scraplab entrance 4542 | -8/Recycling | Entered Scraplab 4554 | -8/Recycling | Entered Scraptown 4554 | -8/Scraptown | System corruption cleaned by C-Scrubber 4909 | -8/Scraptown | Visited Comm Corps 5135 | -8/Scraptown | Scanned Subdweller tech in exchange for log data 5137 | -8/Scraptown | Learned Factory terminal intel 5139 | -8/Scraptown | Learned 12 Research zone layouts 5140 | -8/Scraptown | Learned Factory garrison access intel 5141 | -8/Scraptown | Learned Research terminal intel 5159 | -8/Scraptown | Discovered new exit (range 5) 5269 | -8/Scraptown | Visited Assassins FH 5287 | -8/Scraptown | Visited Supply Room 5309 | -8/Scraptown | Visited Cave Peace 5356 | -8/Scraptown | Visited CPS Storage 5583 | -8/Scraptown | Visited Bundlers 5760 | -8/Scraptown | Visited UFD Registry 5778 | -8/Scraptown | Visited CR-KLE's Repair Center 5826 | -8/Scraptown | Registered with UFD as "Phaseeater" 5858 | -8/Scraptown | Visited Observation Area 5929 | -8/Scraptown | Visited A0-MCA Data Center 5938 | -8/Scraptown | Given a C+ rating by A0-MCA 5944 | -8/Scraptown | Found A0-MCA's Component Scanner 5976 | -8/Scraptown | Visited Curators Association 6003 | -8/Scraptown | Build established: Mutant 6029 | -8/Scraptown | Delivered Scrap Shield to a Scientist 6217 | -8/Scraptown | Visited Science Guys 6266 | -8/Scraptown | Visited Analyses Database 6295 | -8/Scraptown | Visited DA-N13 Charitable Foundation 6315 | -8/Scraptown | Found DCF Scrap (30 items) 6358 | -8/Scraptown | Visited Chapter 10 6427 | -8/Scraptown | Discovered new exit (range 5) 6558 | -8/Scraptown | Visited Abandonware Association 6574 | -8/Scraptown | Learned abandonware demo "KABOOM.EXE" 7103 | -8/Scraptown | CR-KLE repaired 6 parts 7325 | -8/Scraptown | Met Optimus 7325 | -8/Scraptown | Accepted into 0bPrime 7419 | -8/Scraptown | Entered Factory 7419 | -6/Factory | Evolved 8 slots: Power x1, Propulsion x3, Utility x4 7420 | -6/Factory | Loaded intel: 84 trap records 7423 | -6/Factory | Loaded intel: 26 terminal locations 7424 | -6/Factory | Loaded intel: 4 scanalyzer locations 7425 | -6/Factory | Loaded intel: 3 garrison access locations 7449 | -6/Factory | Discovered new exit (range 4) 7545 | -6/Factory | Discovered new exit (range 13) 7596 | -6/Factory | Repaired Imp. Shield Generator? 7728 | -6/Factory | Identified exit to Lower Caves 7747 | -6/Factory | Build established: Derelict-Mutant 7785 | -6/Factory | Identified exit to Factory 8147 | -6/Factory | Discovered exit to Lower Caves (range 18) 8261 | -6/Factory | Build established: Mutant 8441 | -6/Factory | Loaded intel: 7 recycling unit locations 9608 | -6/Factory | Found Prototype Launcher 9608 | -6/Factory | Identified Rocket Array 9914 | -6/Factory | Spotted B-75 Beast 9968 | -6/Factory | Destroyed B-75 Beast 9999 | -6/Factory | Lost 3 parts (1p1u1w) 10532 | -6/Factory | Learned location of Protoforge (-2) 10868 | -6/Factory | Entered Lower Caves 10870 | -6/Lower Caves | UFD Scientist delivered a prototype 10873 | -6/Lower Caves | Found Prototype Protection 10873 | -6/Lower Caves | Identified Enh. Scrap Shield 10949 | -6/Lower Caves | Encountered a Warlord checkpoint 11059 | -6/Lower Caves | Attracted the attention of an 0b10 base 11111 | -6/Lower Caves | Learned Factory emergency access door positions 11111 | -6/Lower Caves | Learned Factory security intel 11111 | -6/Lower Caves | Learned Factory terminal intel 11205 | -6/Lower Caves | P-60 Hacker assimilated allied JA-655(M) 12204 | -6/Lower Caves | Spotted B-75 Beast 12410 | -6/Lower Caves | Discovered new exit (range 6) 12611 | -6/Lower Caves | Entered another Lower Caves area 12643 | -6/Lower Caves | Discovered exit to Factory (range 11) 12652 | -6/Lower Caves | Encountered a Warlord checkpoint 13434 | -6/Lower Caves | Learned 4 Factory zone layouts 13803 | -6/Lower Caves | Spotted B-75 Beast 14290 | -6/Lower Caves | Discovered new exit (range 15) 14356 | -6/Lower Caves | Identified exit to Data Miner 14845 | -6/Lower Caves | Entered Data Miner 14847 | -6/Data Miner | Discovered new exit (range 6) 14868 | -6/Data Miner | Met Data Miner 14914 | -6/Data Miner | Learned location of Section 7 (-2) 14914 | -6/Data Miner | Acquired the access code to Warlord's prototype stash 14939 | -6/Data Miner | Received God Mode back door access code from Data Miner 15000 | -6/Data Miner | Entered Proximity Caves 15003 | -5/Proximity Caves | Spotter reported a threat 15003 | -5/Proximity Caves | Spotter reported a threat 15270 | -5/Proximity Caves | Spotter reported a threat 15778 | -5/Proximity Caves | Learned Factory stockpile data 16012 | -5/Proximity Caves | Learned Factory trap positions 16260 | -5/Proximity Caves | Discovered exit to Factory (range 7) 16653 | -5/Proximity Caves | Entered Factory 16653 | -5/Factory | Evolved 2 slots: Propulsion x1, Utility x1 16655 | -5/Factory | Loaded intel: 78 trap records 16659 | -5/Factory | Loaded intel: 25 terminal locations 17253 | -5/Factory | Search patrols dispatched 17471 | -5/Factory | Discovered new exit (range 18) 17512 | -5/Factory | Destroyed 9 combat bots 17836 | -5/Factory | Loaded intel: 8 recycling unit locations 18018 | -5/Factory | System corruption reached 10% 18266 | -5/Factory | Fabricated Cld. Nuclear Pulse Thruster? 18453 | -5/Factory | First assault squad dispatched 18478 | -5/Factory | Incoming assault squad redirected 18535 | -5/Factory | Sucked down chute 18535 | -5/Factory | Entered Waste 18550 | -5/Waste | EMP discharged 18556 | -5/Waste | Lost 9 parts (1p4n2u2w) 18556 | -5/Waste | Spotted C-40 Crusher 18556 | -5/Waste | Spotted C-40 Crusher 18560 | -5/Waste | Spotted C-40 Crusher 18565 | -5/Waste | Spotted C-40 Crusher 18566 | -5/Waste | Spotted C-40 Crusher 18571 | -5/Waste | Crushed by Compactor (0 parts destroyed, 1 dropped) 18571 | -5/Waste | Crushed by Compactor (1 part destroyed, 2 dropped) 18576 | -5/Waste | Discovered new exit (range 22) 18576 | -5/Waste | Spotted C-40 Crusher 18583 | -5/Waste | Entered Factory 18653 | -5/Factory | Incoming investigation squad redirected 18737 | -5/Factory | Identified exit to Upper Caves 18811 | -5/Factory | Repaired Impulse Thruster Array? 19119 | -5/Factory | Repaired Broken Cld. Nuclear Pulse Thruster? 19261 | -5/Factory | Build established: Hacker-Sprinter 19276 | -5/Factory | Discovered new exit (range 22) 19381 | -5/Factory | Identified exit to Factory 19405 | -5/Factory | Cargo convoy interrupted 19566 | -5/Factory | Loaded intel: 8 recycling unit locations 19874 | -5/Factory | Discovered exit to Factory (range 19) 20010 | -5/Factory | Spotted B-75 Beast 20519 | -5/Factory | Core integrity fell below 50% 20519 | -5/Factory | Entered Upper Caves 20571 | -5/Upper Caves | Spotted B-75 Beast 20690 | -5/Upper Caves | Found Alien Artifact 20690 | -5/Upper Caves | Identified Dimensional Node Initializer 20690 | -5/Upper Caves | Initialized slip node 20729 | -5/Upper Caves | Discovered new exit (range 13) 20737 | -5/Upper Caves | Learned location of 1 exit from Factory 20751 | -5/Upper Caves | Entered another Upper Caves area 20766 | -5/Upper Caves | Discovered exit to Factory (range 13) 20781 | -5/Upper Caves | Encountered a Warlord checkpoint 20789 | -5/Upper Caves | Learned Factory security intel 20934 | -5/Upper Caves | Discovered new exit (range 9) 20937 | -5/Upper Caves | Entered Zhirov 20937 | -5/Zhirov | Discovered new exit (range 3) 20942 | -5/Zhirov | Met Zhirov 20948 | -5/Zhirov | Learned location of Quarantine (-2) 20949 | -5/Zhirov | Zhirov requested help retrieving the SGEMP Prototype 20954 | -5/Zhirov | Found Alien Artifact 20954 | -5/Zhirov | Identified Integrated Dissipator 20954 | -5/Zhirov | Installed Integrated Dissipator, increased core heat dissipation (+20) 21006 | -5/Zhirov | Found Alien Artifact 21025 | -5/Zhirov | Entered Proximity Caves 21049 | -4/Proximity Caves | Spotted B-86 Titan 21064 | -4/Proximity Caves | Learned 12 Research zone layouts 21186 | -4/Proximity Caves | Crushed by falling debris 21217 | -4/Proximity Caves | Lost 4 parts (1n3u) 21270 | -4/Proximity Caves | Discovered exit to Factory (range 8) 21272 | -4/Proximity Caves | Entered Factory 21272 | -4/Factory | Evolved 2 slots: Propulsion x1, Utility x1 21273 | -4/Factory | Identified exit to Research 21491 | -4/Factory | Build established: Sprinter 21518 | -4/Factory | Identified Transdimensional Reconstructor 21546 | -4/Factory | Discovered new exit (range 8) 21578 | -4/Factory | Identified exit to Upper Caves 21833 | -4/Factory | Build established: Hacker-Sprinter 21871 | -4/Factory | Loaded intel: 8 recycling unit locations 21957 | -4/Factory | Discovered exit to Upper Caves (range 10) 21992 | -4/Factory | Sucked down chute 21992 | -4/Factory | Entered Waste 21992 | -4/Waste | The area was eerily silent 22052 | -4/Waste | Discovered new exit (range 11) 22055 | -4/Waste | Entered Factory 22137 | -4/Factory | Loaded intel: 8 recycling unit locations 22148 | -4/Factory | Identified exit to Extension 22215 | -4/Factory | Repaired Broken Cld. Nuclear Pulse Thruster 22260 | -4/Factory | Discovered exit to Research (range 18) 22692 | -4/Factory | Discovered exit to Research (range 11) 22756 | -4/Factory | Entered Upper Caves 22765 | -4/Upper Caves | Learned Research emergency access door positions 22982 | -4/Upper Caves | Discovered new exit (range 10) 22990 | -4/Upper Caves | Entered a destroyed Warlord outpost 23004 | -4/Upper Caves | Entered another Upper Caves area 23011 | -4/Upper Caves | Discovered exit to Research (range 20) 23077 | -4/Upper Caves | Spotted B-86 Titan 23110 | -4/Upper Caves | Encountered a Warlord checkpoint 23228 | -4/Upper Caves | Discovered new exit (range 15) 23279 | -4/Upper Caves | Entered Warlord 23363 | -4/Warlord | Received a Watcher feed algorithm from an ecstatic Tinkerer 23367 | -4/Warlord | Found Prototype Device 23367 | -4/Warlord | Identified Minesniffer Drone Bay 23427 | -4/Warlord | Warlord's base attacked by MAIN.C 23435 | -4/Warlord | Found Prototype Energy Gun 23435 | -4/Warlord | Identified Vortex Shotgun 23450 | -4/Warlord | Rebuked by Warlord 23459 | -4/Warlord | Opened Warlord's prototype stash 23461 | -4/Warlord | Found Prototype Device 23461 | -4/Warlord | Identified System Purifier 23662 | -4/Warlord | Spotted B-86 Titan 23706 | -4/Warlord | Lost 8 allies 23708 | -4/Warlord | Spotted B-90 Cyclops 23766 | -4/Warlord | Lost 3 allies 23777 | -4/Warlord | Warlord forces counterattacked 23806 | -4/Warlord | Spotted Executioner 23820 | -4/Warlord | Opened side exit 23825 | -4/Warlord | Discovered new exit (range 9) 23827 | -4/Warlord | Entered Proximity Caves 23840 | -3/Proximity Caves | Lost 3 allies 23858 | -3/Proximity Caves | Spotted B-86 Titan 23924 | -3/Proximity Caves | Discovered exit to Research (range 7) 23925 | -3/Proximity Caves | Entered Research 23925 | -3/Research | Evolved 2 slots: Propulsion x1, Utility x1 23926 | -3/Research | Identified exit to Testing 23927 | -3/Research | Identified exit to Research 23929 | -3/Research | Loaded intel: 111 machine locations 23930 | -3/Research | Loaded intel: 23 terminal locations 23963 | -3/Research | Loaded intel: 4 recycling unit locations 24175 | -3/Research | Found Fusion Bomb Launcher 24185 | -3/Research | Entered Testing 24412 | -3/Testing | Found Cld. Nova Cannon 24448 | -3/Testing | Found Exp. Signal Interpreter 24452 | -3/Testing | Found Exp. Shield Generator 24583 | -3/Testing | Found Lgt. Regenerative Plating 24735 | -3/Testing | Repaired IFF Parser? 24771 | -3/Testing | Entered Research 24771 | -2/Research | Evolved 2 slots: Utility x2 24831 | -2/Research | Found Hellfire Missile Launcher 24875 | -2/Research | Discovered new exit (range 11) 24878 | -2/Research | Identified exit to Access 24977 | -2/Research | Identified exit to Quarantine 25192 | -2/Research | Entered Quarantine 25197 | -2/Quarantine | Found Alien Artifact 25218 | -2/Quarantine | Found Alien Slashing Weapon 25218 | -2/Quarantine | Identified Sigix Broadsword 25275 | -2/Quarantine | Found Transdimensional Reconstructor 25290 | -2/Quarantine | Found Dimensional Node Initializer 25293 | -2/Quarantine | Initialized slip node 25430 | -2/Quarantine | Build established: Hacker-Ninja 25498 | -2/Quarantine | Found Alien Artifact 25511 | -2/Quarantine | Found Alien Reactor 25511 | -2/Quarantine | Identified Matter Drive 25586 | -2/Quarantine | Spotted Fortress 25607 | -2/Quarantine | Discovered new exit (range 6) 25607 | -2/Quarantine | Discovered new exit (range 6) 25608 | -2/Quarantine | Identified exit to Protoforge 25609 | -2/Quarantine | Entered Protoforge 25683 | -2/Protoforge | Discovered exit to Access (range 13) 25697 | -2/Protoforge | Identified Phase Redirector 25697 | -2/Protoforge | Identified Subatomic Replicator 25834 | -2/Protoforge | Superfortress began startup sequence 25841 | -2/Protoforge | Spotted Overlord 25899 | -2/Protoforge | Spotted AP7-3 25899 | -2/Protoforge | Spotted AP7-3 25971 | -2/Protoforge | Spotted Hotshot 26006 | -2/Protoforge | Spotted Hotshot 26117 | -2/Protoforge | Spotted EXE-6 26119 | -2/Protoforge | Spotted EXE-6 26120 | -2/Protoforge | Spotted Decapitator 26120 | -2/Protoforge | Spotted Decapitator 26132 | -2/Protoforge | UFD initiated attack on Protoforge 26132 | -2/Protoforge | Loaded intel: 3 recycling unit locations 26171 | -2/Protoforge | Optimus greeted in Protoforge 26178 | -2/Protoforge | Destroyed Decapitator 26191 | -2/Protoforge | Found UFD Drillbomb 26198 | -2/Protoforge | Lost 4 allies 26210 | -2/Protoforge | Destroyed EXE-6 26214 | -2/Protoforge | Destroyed EXE-6 26243 | -2/Protoforge | Spotted B-90 Cyclops 26254 | -2/Protoforge | Spotted Hotshot 26255 | -2/Protoforge | Spotted Hotshot 26286 | -2/Protoforge | Used Subatomic Replicator to replicate UFD Drillbomb 26305 | -2/Protoforge | Installed UFD Drillbomb at designated target 26305 | -2/Protoforge | UFD reported confirmed Drillbomb installation 26317 | -2/Protoforge | Installed UFD Drillbomb at designated target 26317 | -2/Protoforge | UFD reported confirmed Drillbomb installation 26350 | -2/Protoforge | Spotted Hotshot 26350 | -2/Protoforge | Spotted Hotshot 26382 | -2/Protoforge | UFD reported confirmed Drillbomb installation 26409 | -2/Protoforge | Found UFD Drillbomb 26449 | -2/Protoforge | Spotted Executioner 26450 | -2/Protoforge | Spotted Striker 26459 | -2/Protoforge | Build established: Infiltrator-Scout 26479 | -2/Protoforge | Fabricated Cld. Nuclear Pulse Thruster? 26519 | -2/Protoforge | Spotted Striker 26542 | -2/Protoforge | Installed UFD Drillbomb at designated target 26542 | -2/Protoforge | UFD reported confirmed Drillbomb installation 26605 | -2/Protoforge | Spotted Hotshot 26605 | -2/Protoforge | Spotted Decapitator 26605 | -2/Protoforge | Spotted Hotshot 26605 | -2/Protoforge | Spotted Hotshot 26605 | -2/Protoforge | Spotted Decapitator 26605 | -2/Protoforge | Spotted Hotshot 26606 | -2/Protoforge | Spotted Decapitator 26622 | -2/Protoforge | Spotted Decapitator 26633 | -2/Protoforge | System corruption reached 10% 26637 | -2/Protoforge | Spotted Executioner 26669 | -2/Protoforge | Spotted Striker 26676 | -2/Protoforge | Spotted Executioner 26764 | -2/Protoforge | Found UFD Drillbomb 26793 | -2/Protoforge | Spotted Executioner 26795 | -2/Protoforge | Installed UFD Drillbomb at designated target 26795 | -2/Protoforge | UFD reported confirmed Drillbomb installation 26796 | -2/Protoforge | Spotted Striker 26796 | -2/Protoforge | Spotted Executioner 26819 | -2/Protoforge | Found UFD Drillbomb 26827 | -2/Protoforge | Spotted Executioner 26866 | -2/Protoforge | Installed UFD Drillbomb at designated target 26866 | -2/Protoforge | UFD reported confirmed Drillbomb installation 26882 | -2/Protoforge | Spotted Striker 26904 | -2/Protoforge | Build established: Scavenger-Ninja 26920 | -2/Protoforge | Spotted Executioner 26920 | -2/Protoforge | Spotted Executioner 26923 | -2/Protoforge | Spotted Executioner 26936 | -2/Protoforge | Spotted Striker 26953 | -2/Protoforge | Found UFD Drillbomb 26962 | -2/Protoforge | Spotted Hotshot 26979 | -2/Protoforge | Installed UFD Drillbomb at designated target 26979 | -2/Protoforge | UFD reported confirmed Drillbomb installation 26992 | -2/Protoforge | Found UFD Drillbomb 26999 | -2/Protoforge | Spotted Executioner 27021 | -2/Protoforge | Spotted 02F14-K 27040 | -2/Protoforge | Lost 5 allies 27041 | -2/Protoforge | Spotted Hotshot 27043 | -2/Protoforge | Lost 3 parts (1p1n1u) 27061 | -2/Protoforge | Installed UFD Drillbomb at designated target 27061 | -2/Protoforge | UFD reported confirmed Drillbomb installation 27069 | -2/Protoforge | Found UFD Drillbomb 27088 | -2/Protoforge | Installed UFD Drillbomb at designated target 27088 | -2/Protoforge | UFD reported confirmed Drillbomb installation 27096 | -2/Protoforge | Found 0bPrime Scrap Suit 27099 | -2/Protoforge | Found UFD Drillbomb 27107 | -2/Protoforge | UFD reported confirmed Drillbomb installation 27108 | -2/Protoforge | UFD began Drillbomb countdown 27116 | -2/Protoforge | Spotted Executioner 27208 | *** | Defending 0bPrime! Last Messages --------------- there." 27200_ Forge Plexus deploys N-04 Retriever. 27200_ 0bP_NET: Also Frameworth for that epic save with the barrage of overtuned dakka. Respect the dakka. 27201_ 0bP_NET: And S4-LTN's pet Recycler. I didn't mean it, but I was short on matter and it was a natural reflex. 27202_ 0bP_NET: Oh yeah, T-6 by the way. 27203_ 0bP_NET: LU-1G1, we know you're out there, digging away, so no moment of silence needed for you. 27204_ 0bP_NET: DD-05H though, you were a good one, we'll never forget the way you smashed your way west and just never stopped smashing. 27205_ 0bP_NET: Well my eulogizing is soon to be interrupted by scenes of half of Protoforge collapsing in on itself. Be careful out there. 27206_ 0bP_NET: T-2! 27207_ 0bP_NET: And that's a wrap. Map ----- +----------------------------------------------------+ | % "" """ " " " #"" ""#?????? | | %% """" " "" "" "" #" "####??? | | %" " " " "" "# """#??? | | " " "" # """#??? | | %"" " "" "" + """#??? | | "" "" """ " " + F"#??? | | """ % " "" """ # """#??? | | " " " " " """ "# "" #??? | | " "" "" % "# ####??? | | %%" """ " # #####?? | | %% %""" % % % " "# """ #?? | | % % % " % "" # """"#?? | | """"""" %% %" " " " + "F""#?? | | """""""""" % "" " +=! ""#?? | | """"""""""" %" " " # """#?? | | """"""""""""% " "" "" "# "" #?? | | """"""""""""" % " % "#" "#####?? | | """""""""""""" "" " "#"" ""#?????? | | """"""""""""""" % % " " "###"F ""###?????? | | """""""""""""""" %% % " "#?#"""""#???????? | | """""""""""""""" %%% ""% "#?#"""""#???????? | | """""""""""""""" %"" % " "" " #?#######???????? | | """""""""""""""""% %" % % " #???????????????? | | """""""""""""""""%"%%% "" "% " "#???????????????? | | """"""""""""""""" SS % TT% "#???????????????? | | """""""""""""""""%%SS @TT #???????????????? | | """""""""""""""""% % #???????????????? | | """""""""""""""""%% s %% ##??????????????? | | """"""""""""""""" %%%% % " #??????????????? | | """"""""""""""""" " %%"% "" #??????????????? | | """""""""""""""""%"% "" % %##??????????????? | | """""""""""""""" %"" " " %%#???????????????? | | """"""""""""""""n""" " #???????????????? | | """""""""""""""" %"" """%% #???????????????? | | """"""""""""""" " % % #???????????????? | | """""""""""""" ""% % " "" #???????????????? | | """"""""""""" " %% """% #???????????????? | | """""""""""" "% " " """ #???????????????? | | """"""""""" " "% "% #???????????????? | | """""""""" "" " "" * #???????????????? | | """"""" "" "" #???????????????? | | "" "" " "" """ #???????????????? | | = "" "" %"""" #???????????????? | | % S % % EA"" ###?????????????? | | %"%" "" "%" %EAE E"#?????????????? | | "" "" E"&#?????????????? | | % % % &&#?????????????? | | " " [ " " """" &&#?????????????? | | = = "& #????????????? | | "|! "" "&##????????????? | +----------------------------------------------------+ Best States ------------- Heat Dissipation 83 Energy Generation 44 Energy Capacity 870 Matter Stores 300 Matter Capacity 300 Sight Range 23 Robot Scan Range 16 Terrain Scan Density 10 ECM Strength 1 Jamming Range 16 Cloak Strength 2 Power Amplification 40 Armor Coverage 800 Propulsion Shielding 90 Evasion (%) 78 Targeting Accuracy 8 Recoil Reduction 4 Matter Filtering 30 Offensive Hacking 44 Defensive Hacking 26 Authchip Count 1 Item Schematics ----------------- Hcp. Storage Unit | -10/Materials | Hacked Combat Drone Bay | -6/Data Miner | Free Lgt. Regenerative Plating | -6/Data Miner | Free Cld. Nuclear Pulse Thruster | -6/Data Miner | Free Prc. Matter Filter | -6/Data Miner | Free Hvy. Gatling Laser | -6/Data Miner | Free Imp. Linear Gravjet | -6/Data Miner | Free Adv. Coolant Injector | -6/Data Miner | Free Adv. Datajack | -6/Data Miner | Free Enh. Gauss Cannon | -6/Data Miner | Free Adv. Reaction Control System | -6/Data Miner | Free Cloaking Device | -5/Factory | Hacked Assault Drone Bay | -5/Zhirov | Free Exp. Heat Sink | -5/Zhirov | Free Exp. Optical Array | -5/Zhirov | Free Imp. Arc Thrower | -5/Zhirov | Free Robot Schematics ------------------ B-48 Gladiator | -6/Data Miner | Free G-50 Soldier | -6/Data Miner | Free B-60 Warrior | -6/Data Miner | Free X-67 Chaingunner | -6/Data Miner | Free H-66 Slayer | -6/Data Miner | Free Fabricated ------------ Cld. Nuclear Pulse Thruster | x1 | -5/Factory | Authchip Cld. Nuclear Pulse Thruster | x1 | -2/Protoforge Repaired ---------- Imp. Shield Generator | 35% | -6/Factory Impulse Thruster Array | 11% | -5/Factory Cld. Nuclear Pulse Thruster | 50% | -5/Factory | Broken Cld. Nuclear Pulse Thruster | 52% | -4/Factory | Broken IFF Parser | 14% | -3/Testing Alien Tech Used ----------------- Dimensional Node Initializer Integrated Dissipator Sigix Broadsword Matter Drive Subatomic Replicator Achievements -------------- None Challenges ------------ None Game ------ Seed VortexFieldthrustFacilitator Manual? 0 Play Time 09:26:11 Cumulative 623.8 hours Start 2025.06.13 @ 00:51:39 End 2025.06.15 @ 03:23:49 Sessions 9 Manual Loads 0 Difficulty Rogue Special Mode None Game No. 141 Rogue 101 Adventurer 4 Explorer 36 Win Type 9 Total 48 Types 26/6/4/2/2/3/2/1/1/1 Lore% 78 Gallery% 81 Achievement% 91 Wizard Run 0 Options --------- Layout 2 ASCII 0 Keyboard 1 Movement Vi Keybinds 0 Fullscreen 2 Font 32/SmallcapsGlow Map View 50x44 Zoom Use 0% Tactical HUD 1 Map Filters NONE Filters NONE Steam 1 RUN: 2d833a8e-28ce-4c33-b89b-ccf5a2493bd1